 Dungeon Crawl Stone Soup version 0.19-a0-684-gf760df0 (webtiles) character file.

1336890 Laraso the Annihilator (level 27, 0/179 HPs)
             Began as a Gargoyle Earth Elementalist on June 14, 2016.
             Was the Champion of Vehumet.
             Killed from afar by a Tzitzimitl (43 damage)
             ... with a bolt of cold
             ... summoned by Ereshkigal
             ... on level 7 of Tartarus on June 18, 2016.
             The game lasted 08:54:53 (123792 turns).

Laraso the Annihilator (GrEE)                     Turns: 123792, Time: 08:54:54

Health: 0/179      AC: 51    Str:  8      XL:     27
Magic:  27/62      EV: 28    Int: 38 (41) God:    Vehumet [******]
Gold:   10369      SH:  8    Dex: 14 (16) Spells: 12 memorised, 12 levels left

rFire  + + .     SeeInvis +     c - +9 staff of Wucad Mu {channel}
rCold  . . .     Gourm    +     m - +3 faerie dragon armour {rCorr Str+2 Int+3}
rNeg   + + +     Faith    .     f - +1 buckler of Gehenna {rF++ rCorr Str-2}
rPois  ∞         Spirit   .     C - +2 helmet {Int+3}
rElec  +         Dismiss  .     t - +2 cloak of the Thief {+Fog Slay-2 SInv Stlth+}
rCorr  +         Reflect  .     Y - +2 pair of fencer's gloves {LBl+4 SBl+4 EV+3 Dex+6}
SustAt .         Harm     .     L - +2 pair of boots {Stlth+}
MR     ++++.     Rnd*Rage +     e - amulet of Valur {Gourm rN++ Int+3}
Stlth  ++++++....               y - ring of the Mage {Wiz MR++ Int+3}
                                K - ring of Qazlal's Hope {rN+ MP+9 Str-5 Int+3}

@: flying, very slightly contaminated, incredibly resistant to hostile
enchantments, very stealthy
A: big wings, fangs 1, iridescent scales 1, berserk 2, deterioration 1, mutation
resistance 2, negative energy resistance 1, regeneration 1, screaming 1,
electricity resistance, weak 1, wild magic 1, unbreathing, petrification
resistance, rot immunity, sturdy frame 1, AC +20
a: Stop Flying, Renounce Religion, Evoke Fog
}: 14/15 runes: barnacled, slimy, silver, golden, obsidian, icy, bone, abyssal,
demonic, glowing, magical, fiery, dark, gossamer


You were on level 7 of Tartarus.
You worshipped Vehumet.
Vehumet was exalted by your worship.
You were full.

You visited 16 branches of the dungeon, and saw 82 of its levels.
You visited Pandemonium 2 times, and saw 22 of its levels.
You visited the Abyss 4 times.
You also visited: Labyrinth, Ice Cave and Wizlab.

You collected 15861 gold pieces.
You spent 5492 gold pieces at shops.

Inventory:

Hand Weapons
 c - the +9 staff of Wucad Mu (weapon) {channel}
   (You found it in a wizard's laboratory)
Armour
 f - the +1 buckler of Gehenna (worn) {rF++ rCorr Str-2}
   (You found it on level 5 of the Pits of Slime)

   It affects your strength (-2).
   It greatly protects you from fire.
   It protects you from acid and corrosion.
 m - the +3 faerie dragon armour (worn) {rCorr Str+2 Int+3}
   (You took it off the Enchantress on level 2 of the Depths)

   It affects your strength (+2).
   It affects your intelligence (+3).
   It protects you from acid and corrosion.
 t - the +2 cloak of the Thief (worn) {+Fog Slay-2 SInv Stlth+}
   (You found it on level 3 of the Elven Halls)

   It affects your accuracy and damage with ranged weapons and melee attacks
   (-2).
   It lets you see invisible.
   It can be evoked to emit clouds of fog.
   It makes you more stealthy.
 C - a +2 helmet of intelligence (worn)
 L - a +2 pair of boots of stealth (worn)
 Y - the +2 pair of fencer's gloves (worn) {LBl+4 SBl+4 EV+3 Dex+6}
   (You found it on level 3 of the Crypt)

   It affects your evasion (+3).
   It affects your dexterity (+6).
Magical Staves
 a - an uncursed staff of energy
 x - an uncursed staff of earth
Jewellery
 e - the amulet of Valur (around neck) {Gourm rN++ Int+3}
   (You found it on level 7 of Cocytus)

   [amulet of the gourmand]

   It allows you to eat raw meat even when not hungry.
   It affects your intelligence (+3).
   It greatly protects you from negative energy.
 g - an uncursed ring of protection from cold
 y - the ring of the Mage (right hand) {Wiz MR++ Int+3}
   (You found it on level 5 of the Pits of Slime)

   [ring of wizardry]

   It improves your spell success rate.
   It affects your intelligence (+3).
   It affects your resistance to hostile enchantments.
 K - the ring of Qazlal's Hope (left hand) {rN+ MP+9 Str-5 Int+3}
   (You bought it in a shop on level 2 of the Orcish Mines)

   [ring of positive energy]

   It affects your strength (-5).
   It affects your intelligence (+3).
   It protects you from negative energy.
   It affects your magic capacity (+9).
 R - an uncursed amulet of dismissal
Wands
 u - a wand of teleportation (4/9)
 I - a wand of digging (19/24)
 N - a wand of disintegration (19/24)
 O - a wand of heal wounds (9/9)
Scrolls
 h - 12 scrolls of recharging
 k - 5 scrolls of fog
 p - 6 scrolls of summoning
 r - 24 scrolls of remove curse
 D - 9 scrolls of teleportation
 E - 7 scrolls of fear
 G - 2 scrolls of silence
 H - 3 scrolls of holy word
 Q - a scroll of blinking
 T - a scroll of identify
Potions
 b - 5 potions of curing
 j - 4 potions of haste
 s - 3 potions of agility
 w - 5 potions of brilliance
 z - 3 potions of magic
 A - 6 potions of invisibility
 J - 8 potions of resistance
 M - 7 potions of might
Miscellaneous
 d - a phial of floods
 l - the horn of Geryon
 o - a disc of storms
 v - a lamp of fire (inert)
 B - 2 sacks of spiders
 P - a fan of gales (inert)
 S - a crystal ball of energy
 U - a figurine of a ziggurat
 X - 6 phantom mirrors
 Z - 8 boxes of beasts
Comestibles
 n - 5 fruits
 F - 12 bread rations


   Skills:
 - Level 20.0 Fighting
 - Level 13.1 Armour
 - Level 21.7 Dodging
 - Level 14.4 Stealth
 - Level 13.8 Shields
 - Level 26.1 Spellcasting
 O Level 27 Conjurations
 - Level 12.0 Charms
 - Level 7.6 Summonings
   Level 5.0 Transmutations
 - Level 5.0 Fire Magic
 - Level 17.2 Ice Magic
 - Level 25.0 Earth Magic
 * Level 26.6 Evocations


You had 12 spell levels left.
You knew the following spells:

 Your Spells              Type           Power        Failure   Level  Hunger
a - Shatter               Erth           ########..   1%          9    #......
b - Iron Shot             Conj/Erth      ########..   1%          6    None
c - Glaciate              Conj/Ice       ########..   1%          9    #......
d - Lee's Rapid Deconstr  Erth           ########..   1%          5    None
e - Summon Butterflies    Summ           #######.     1%          1    None
f - Spellforged Servitor  Conj/Summ      ########..   1%          7    None
g - Haste                 Chrm           ########     1%          6    None
h - Apportation           Tloc           ######....   1%          1    None
i - Deflect Missiles      Chrm/Air       #######...   4%          6    None
j - Regeneration          Chrm/Necr      #######...   1%          3    None
r - Lehudib's Crystal Sp  Conj/Erth      ########..   1%          8    None
v - Bolt of Magma         Conj/Fire/Erth ########..   1%          5    None


Dungeon Overview and Level Annotations

Branches:
Dungeon (15/15)            Temple (0/1) D:6            Lair (6/6) D:10
 Shoals (4/4) Lair:4       Spider (4/4) Lair:4        Slime (5/5) Lair:5
    Orc (2/2) D:9             Elf (3/3) Orc:2        Vaults (5/5) D:14
  Crypt (3/3) Vaults:2       Tomb (3/3) Crypt:3      Depths (5/5) D:15
   Hell (1/1)                 Dis (0/7) Hell            Geh (7/7) Hell
    Coc (7/7) Hell            Tar (7/7) Hell            Zot (5/5) Depths:5

Altars:
Cheibriados
Dithmenos
Elyvilon
Gozag
Kikubaaqudgha
Makhleb
Okawaru
Pakellas
Qazlal
Trog
Uskayaw
Vehumet
Xom
Zin
Beogh
Jiyva
Lugonu

Shops:
D:4 [   D:13 (   Orc:2 ?**}}!   Vaults:2 !   Vaults:4 (   Vaults:5 *
Depths:2 [   Depths:4 ?

Portals:
Hell: Lair:6 Depths:1 Depths:2 Depths:3 Depths:4 Depths:5
Abyss: Depths:1 Depths:4
Pandemonium: Depths:3
Ziggurat: Depths:2
Trove: D:10 (give 11 potions of heal wounds)

Annotations:
Vaults:1 Mennas
Tar:7 Ereshkigal


Innate Abilities, Weirdness & Mutations

You are resistant to torment.
Your stone body is resilient. (AC +20)
You are immune to poison.
Your large and strong wings let you fly indefinitely.
You resist negative energy. (rN+)
You are resistant to electric shocks. (rElec)
You can survive without breathing.
You are immune to petrification.
You are immune to rotting.
You have very sharp teeth.
You are partially covered in iridescent scales. (AC +4)
You often lose your temper in combat.
Your body sometimes deteriorates upon taking damage.
You are somewhat resistant to both further mutation and mutation removal.
Your natural rate of healing is unusually fast.
You occasionally shout uncontrollably at your foes.
You are weak. (Str -2)
Your spells are a little harder to cast, but a little more powerful.
Your movements are slightly less encumbered by armour. (ER -2)


Message History

The shadow demon hits the chaos spawn shaped block of ice but does no damage.
Something hits the chaos spawn shaped block of ice but does no damage.
Something bites the chaos spawn shaped block of ice but does no damage.
The titan skeleton is engulfed in freezing vapours.
The titan skeleton hits the golden dragon shaped block of ice!!
The golden dragon shaped block of ice is destroyed!
The hellwing misses you. You block the hellwing's attack.
Unknown command.
You take 12 damage, and have 60/179 hp.
You now have 26/62 mp.
Unknown command.
Unknown command.
Unknown command.
Unknown command.
Unknown command.
Unknown command.
Nothing appears to happen.
This wand has 19 charges left.
The doom hound is engulfed in freezing vapours.
The doom hound bites you but does no damage.
The doom hound claws you!
* * * LOW HITPOINT WARNING * * *
Ereshkigal is engulfed in freezing vapours.
The Tzitzimitl is engulfed in freezing vapours.
The neqoxec gestures at you.
Something tries to feed on your intellect!
The doom hound is engulfed in freezing vapours.
You kill the doom hound!
The doom hound's corpse dissolves into shadows!
The shadow demon gestures.
Something hits the chaos spawn shaped block of ice!
Something bites the chaos spawn shaped block of ice but does no damage.
The hellwing hits you.
* * * LOW HITPOINT WARNING * * *
The hellwing completely misses you.
The frost giant skeleton is engulfed in freezing vapours.
The frost giant skeleton hits the chaos spawn shaped block of ice!
You take 18 damage, and have 42/179 hp.
Unknown command.
Unknown command.
Unknown command.
Blink to where?
You can't see that place. [the floor.] Sorry, you can't target what you can't see.
Okay, then.
Unknown command.
Okay, then.
Blink to where?
As you read the scroll of blinking, it crumbles to dust.
A shadow comes into view.
Ereshkigal is no longer encased in ice.
Ereshkigal is engulfed in freezing vapours.
The doom hound is engulfed in freezing vapours.
The shadow demon is engulfed in freezing vapours.
The shadow demon gestures.
The vampire mage mumbles some strange words.
The vampire mage flickers and vanishes for a moment.
The Tzitzimitl is engulfed in freezing vapours.
The Tzitzimitl gestures at you. The bolt of cold hits you!
You die...

.......#=#.#.#.#.##.#..#.#
.......#)[...#....#......#
.......########.#.########
.......#.........§§...§§.#
....#..#.#.#.#.#.#§#.#§#.#
.......#......§...§§.§§..#
.......##.#.#.#§#h#Z#§#.##
.......#........§ZV8245..#
.......#.#.#.#§#@#§#§#3#.#
....#..#......§§W1&§4.55.#
.......#########§#########
...............W....)......
...........................
.............&.............
....#...........⌠..........
...........1...............
...........................


You could see Ereshkigal, a doom hound, a Tzitzimitl, a shadow demon, a vampire
mage (invisible), 2 hellwings, 2 shadows, an iron imp, a shadow imp, an
ufetubus, a frost giant skeleton and a titan skeleton.

Vanquished Creatures
  Cerebov (Pan)
  Asmodeus (Geh:7)
  the Royal Jelly (Slime:5)
  Gloorx Vloq (Pan)
  5 pandemonium lords (Pan)
  Lom Lobon (Pan)
  15 ancient liches
  3 orbs of fire
  The ghost of Mekire the Executioner, a legendary FoAK of Lugonu (Pan)
  Mara (Spider:2)
  Bai Suzhen (Depths:2)
  38 greater mummies
  12 shard shrikes
  Frederick (Depths:5)
  Margery (Depths:4)
  Saint Roka (Elf:3)
  A curse toe (Zot:1)
  Geryon (Hell)
  4 Killer Klowns
  Jory (Vaults:5)
  Nikola (Shoals:3)
  11 golden dragons
  the Enchantress (Depths:2)
  3 pearl dragons
  A profane servitor (Abyss:1)
  6 doom hounds
  12 bone dragons
  23 Tzitzimimeh
  A Hell Sentinel (Pan)
  18 Brimstone Fiends
  18 Ice Fiends
  3 electric golems
  Rupert (Lair:5)
  16 tentacled monstrosities
  18 liches
  25 Orb Guardians
  Asterion (Elf:2)
  2 deep elf blademasters (Elf:3)
  7 titans
  2 quicksilver dragons
  19 Executioners
  2 deep elf master archers (Elf:3)
  11 tentacled starspawn
  15 acid blobs
  13 sphinxes
  Frances (Spider:1)
  Agnes (Elf:1)
  8 death cobs
  3 tengu reavers (Vaults:5)
  7 ancient champions
  13 draconian monks
  4 revenants
  19 shadow dragons
  18 storm dragons
  8 blood saints (Pan)
  Ilsuiw (Shoals:4)
  Donald (Spider:1)
  10 fire giants
  5 daevas
  An iron dragon (Hell)
  9 draconian knights
  7 frost giants
  12 deep elf sorcerers
  24 balrugs
  2 orc warlords
  Maud (Depths:3)
  11 azure jellies
  6 ghost moths
  2 warmongers (Pan)
  7 draconian zealots
  Aizul (Depths:3)
  Louise (Elf:1)
  The ghost of Hubbles the Severer, a journeyman DsBe of Trog (Spider:1)
  12 cacodemons
  12 vault wardens
  8 emperor scorpions
  4 deep elf elementalists (Elf:3)
  4 curse skulls
  9 draconian scorchers
  6 draconian shifters
  11 angels
  14 ghouls
  15 stone giants
  6 war gargoyles
  31 very ugly things
  4 spriggan defenders
  5 elemental wellsprings
  10 vampire knights
  13 draconian annihilators
  7 corrupters (Pan)
  9 ironheart preservers
  6 draconian callers
  8 bennus
  35 reapers
  A juggernaut skeleton (Depths:2)
  5 deep elf demonologists (Elf:3)
  16 apis (Pan)
  13 green draconians
  4 black suns (Pan)
  11 black draconians
  Nessos (D:15)
  4 lorocyprocas
  Azrael (D:12)
  12 deep elf annihilators
  15 yellow draconians
  11 purple draconians
  6 red draconians
  5 chaos champions (Pan)
  11 white draconians
  10 ettins
  An eidolon (Crypt:3)
  11 mottled draconians
  9 spark wasps
  16 green deaths
  Snorg (Lair:5)
  2 merfolk javelineers (Shoals:4)
  A crystal guardian (Vaults:3)
  4 deep elf death magi
  17 death oozes
  24 blizzard demons
  3 merfolk impalers (Shoals:4)
  Josephine (Shoals:1)
  22 fire dragons
  11 jiangshi
  28 mummy priests
  A minotaur (Lab)
  6 deep elf high priests
  13 great orbs of eyes
  10 yaktaur captains
  4 quicksilver dragon zombies
  2 kraken zombies
  40 ice dragons
  32 vault guards
  6 entropy weavers
  3 quicksilver dragon skeletons
  3 spriggan air magi
  9 monstrous demonspawn (Pan)
  A catoblepas (Abyss:1)
  3 ghost crabs
  9 rakshasas
  An alligator snapping turtle (Shoals:4)
  7 merfolk aquamancers
  10 centaur warriors
  2 hell beasts (Pan)
  12 ogre magi
  5 hydras
  A queen ant (Lair:2)
  2 satyrs
  26 dancing weapons
  17 death yaks
  7 tengu warriors
  76 death scarabs
  6 deep troll shamans
  3 death knights
  3 thrashing horrors
  5 spriggan berserkers
  9 vampire magi
  9 deep troll earth magi
  23 hell hogs
  5 titan zombies
  4 orc high priests
  2 storm dragon zombies
  3 shock serpents (Pan)
  17 deep elf knights
  5 titan skeletons
  Nergalle (D:11)
  41 soul eaters
  14 shadow wraiths
  41 sun demons
  8 wretched stars
  23 hell knights
  4 iron trolls
  A death drake (Depths:3)
  8 anaconda zombies
  A fire crab (Vaults:4)
  4 cherubim
  5 storm dragon skeletons
  A fire crab (shapeshifter) (Depths:1)
  13 shadow demons
  91 skeletal warriors
  9 torturous demonspawn (Pan)
  A swamp dragon (Zot:2)
  4 unseen horrors
  8 infernal demonspawn (Pan)
  26 deep trolls
  A spectral anaconda (Depths:3)
  8 sea snakes
  A ghost moth zombie (Coc:7)
  An obsidian statue (Depths:5)
  6 golden dragon zombies
  20 ironbrand convokers
  8 putrid demonspawn (Pan)
  13 giant orange brains
  14 necromancers
  17 anubis guards
  2 hill giants (Vaults:1)
  10 flayed ghosts
  A hill giant (shapeshifter) (Depths:5)
  A harpy (shapeshifter) (Vaults:3)
  15 harpies
  18 deep elf archers
  A shadow dragon zombie (Coc:7)
  A lindwurm (Zot:2)
  8 gelid demonspawn (Pan)
  7 golden dragon skeletons
  7 anaconda skeletons
  18 phantasmal warriors
  2 orange crystal statues (Depths:3)
  5 oklob plants (Lair:4)
  18 orb spiders
  2 iron dragon zombies (Geh:6)
  12 orc knights
  A wolf spider (shapeshifter) (Vaults:1)
  25 wolf spiders
  5 shadow dragon skeletons
  A cyclops (shapeshifter) (Depths:4)
  5 fauns
  6 orc sorcerers
  15 small abominations
  5 wolf spider zombies
  6 frost giant zombies
  48 deep elf magi
  3 mana vipers (Depths:3)
  10 wizards
  8 shining eyes
  5 stone giant zombies
  17 griffons
  32 ugly things
  22 sixfirhies
  A spriggan zombie (Depths:2)
  11 manticores
  A salamander (Depths:1)
  7 fire giant zombies
  3 hornets
  A manticore (shapeshifter) (Depths:2)
  6 stone giant skeletons
  2 shock serpent zombies
  3 iron dragon skeletons
  5 cyclopes
  28 moths of wrath
  An apocalypse crab (Abyss:3)
  60 large abominations
  4 black mambas
  3 elephants
  19 orange demons
  21 fire giant skeletons
  11 rust devils
  4 dire elephant zombies
  A black mamba (shapeshifter) (Vaults:5)
  2 centaur zombies
  2 ice statues
  7 sirens
  A guardian serpent (shapeshifter) (Elf:2)
  An eye of devastation (shapeshifter) (Depths:2)
  A water nymph (shapeshifter) (Vaults:5)
  13 vault sentinels
  17 molten gargoyles (Geh:7)
  12 water nymphs
  8 frost giant skeletons
  A storm dragon simulacrum (Vaults:3)
  37 smoke demons
  A titan simulacrum (Crypt:1)
  12 spiny frogs
  4 torpor snails
  3 eyes of devastation
  10 gargoyles
  3 emperor scorpion zombies
  3 shock serpent skeletons
  8 dire elephant skeletons
  A rime drake (shapeshifter) (D:15)
  4 kobold demonologists
  11 komodo dragons
  2 yaktaurs (shapeshifter)
  29 freezing wraiths
  16 efreet
  29 hellions
  22 demonic crawlers
  5 tengu conjurers
  A catoblepas skeleton (Geh:7)
  29 hellwings
  29 tormentors
  A komodo dragon (shapeshifter) (Vaults:1)
  A redback zombie (Vaults:3)
  7 rime drakes
  A yaktaur skeleton (Vaults:3)
  28 yaktaurs
  55 guardian mummies
  An ancient zyme (Abyss:2)
  36 ice devils
  12 hydra zombies
  2 spectral merfolk (Depths:3)
  3 anaconda simulacra
  44 red devils
  A meliai (shapeshifter) (D:14)
  25 jumping spiders
  A troll (shapeshifter) (D:15)
  A queen bee (Spider:4)
  25 merfolk
  A jumping spider (shapeshifter) (Depths:4)
  2 merfolk (shapeshifter)
  10 trolls
  A shadow dragon simulacrum (Hell)
  5 meliai
  Grinder (D:3)
  4 fire dragon zombies
  A polar bear (Lair:6)
  3 wind drakes
  20 blink frogs
  6 harpy zombies
  118 slime creatures
  4 harpy skeletons
  A death drake skeleton (Crypt:2)
  12 raiju
  26 two-headed ogres
  8 alligator zombies
  4 bog bodies
  8 boulder beetles
  10 ettin zombies
  A raiju (shapeshifter) (Vaults:2)
  3 ice dragon zombies
  15 ushabtiu
  6 hydra skeletons
  A hornet zombie (D:14)
  9 snapping turtles
  99 flying skulls
  2 meliai zombies
  A redback (shapeshifter) (Depths:2)
  84 redbacks
  7 air elementals
  26 water elementals
  9 fire dragon skeletons
  4 ice dragon skeletons
  31 tarantellas
  4 alligator skeletons
  21 starcursed masses
  3 wyverns
  5 vampires
  21 ynoxinuls
  3 spriggans
  2 spriggans (shapeshifter)
  A black mamba zombie (Geh:5)
  39 wraiths
  53 shadows
  49 yaks
  23 fire elementals
  A human (D:8)
  16 chaos spawn
  4 ettin skeletons
  A black mamba skeleton (Tar:1)
  17 golden eyes
  A hog (shapeshifter) (Vaults:3)
  A yak (shapeshifter) (Vaults:4)
  4 basilisks
  A hog (D:8)
  14 hippogriffs
  5 hungry ghosts
  A golden eye (shapeshifter) (Vaults:2)
  29 neqoxecs (Pan)
  2 mottled dragons
  A steam dragon (Lair:3)
  A spatial vortex (Tar:6)
  10 vampire mosquitoes
  10 wargs
  Menkaure (D:7)
  A naga (shapeshifter) (Depths:5)
  Edmund (D:6)
  A soldier ant (shapeshifter) (Depths:2)
  5 hydra simulacra
  A minotaur simulacrum (Coc:4)
  18 soldier ants
  10 spiny frog zombies
  3 giant eyeballs
  Duvessa (D:7)
  An infernal demonspawn skeleton (Crypt:1)
  42 hell hounds
  2 spectral trolls (Depths:3)
  2 spectral spriggans (Depths:3)
  18 water moccasins
  11 porcupines
  An alligator simulacrum (Coc:7)
  A putrid demonspawn skeleton (Coc:2)
  2 black bears
  A black bear (shapeshifter) (Vaults:3)
  64 orc warriors
  A sky beast (shapeshifter) (D:15)
  2 spiny frog skeletons
  21 necrophages
  3 sky beasts
  4 snapping turtle zombies
  6 eyes of draining
  40 ogres
  An eye of draining (shapeshifter) (Vaults:3)
  15 ice beasts
  2 manticore zombies
  2 wasps
  32 wolves
  A swamp dragon zombie (Tar:7)
  A boggart (shapeshifter) (Vaults:4)
  11 boggarts
  12 phantoms
  7 snapping turtle skeletons
  13 centaurs
  An anubis guard skeleton (Crypt:2)
  A blink frog skeleton (Crypt:2)
  A manticore skeleton (Tar:7)
  A tengu (shapeshifter) (Vaults:1)
  2 swamp dragon skeletons
  An elf zombie (Geh:5)
  Blork the orc (D:6)
  13 crocodiles
  28 giant frogs
  3 big kobolds
  A cyclops zombie (Crypt:1)
  4 earth elementals
  A merfolk simulacrum (Depths:3)
  2 spiny frog simulacra
  Dowan (D:7)
  4 scorpions
  A cyclops skeleton (Crypt:1)
  3 spectral ogres (Depths:3)
  2 spectral nagas (Depths:3)
  65 wights
  24 killer bees
  A spriggan skeleton (Coc:4)
  8 howler monkeys
  2 snapping turtle simulacra
  7 electric eels
  A hippogriff skeleton (Crypt:2)
  5 spectral centaurs (Depths:3)
  27 crimson imps
  A giant frog zombie (D:8)
  6 hounds
  10 jellies
  A black bear zombie (Crypt:2)
  7 iron imps
  A gnoll shaman (D:13)
  23 orc priests
  3 giant frog skeletons
  4 centaur skeletons
  2 human skeletons
  A human zombie (Geh:7)
  35 orc wizards
  10 iguanas
  43 worker ants
  13 hell rats
  3 sheep
  A centaur simulacrum (Depths:3)
  2 naga zombies
  An ogre skeleton (Geh:6)
  2 hound zombies
  49 mummies
  4 worker ant zombies
  A hell rat skeleton (Crypt:1)
  19 adders
  66 river rats
  17 shadow imps
  21 white imps
  An ufetubus (Abyss:3)
  2 oozes
  An adder zombie (D:5)
  3 adder skeletons
  4 worms
  2 dart slugs (D:1)
  3 giant geckos
  111 orcs
  6 giant cockroaches
  7 goblins
  10 hobgoblins
  19 jackals
  23 kobolds
  3 quokkas
  2 ball pythons (D:1)
  20 bats
  2 giant gecko zombies (D:7)
  5 giant newts
  A gnoll skeleton (Crypt:1)
  A jackal skeleton (D:8)
  A jackal zombie (Crypt:1)
  A kobold zombie (Tar:7)
  16 rats
  12 blocks of ice
  3 fungi
  6 lost souls
  2 macabre masses (Abyss:4)
  10 plants
  8 starspawn tentacles
  3 starspawn tentacle segments
  4 tentacles
  3 withered plants (Crypt:3)
5007 creatures vanquished.

Vanquished Creatures (collateral kills)
  Antaeus (Coc:7)
  A pandemonium lord (Pan)
  A golden dragon (Depths:5)
  A caustic shrike (Depths:2)
  2 tentacled monstrosities
  10 acid blobs
  2 titans
  10 tentacled starspawn
  An Executioner (Pan)
  A sphinx (Depths:2)
  A shadow dragon (Zot:4)
  A death cob (Zot:4)
  2 ancient champions
  A tengu reaver (Depths:4)
  An azure jelly (Slime:5)
  A frost giant (Vaults:5)
  2 daevas
  2 cacodemons (Abyss:4)
  A ghost moth (Spider:4)
  A ghoul (Crypt:2)
  4 vault wardens
  2 very ugly things (Vaults:4)
  4 ironheart preservers
  A vampire knight (Crypt:2)
  A stone giant (Depths:2)
  A white draconian (Depths:5)
  A black draconian (Abyss:4)
  A yellow draconian (Zot:4)
  2 chaos champions (Pan)
  A mottled draconian (Abyss:4)
  An orange crystal statue (WizLab)
  A purple draconian (Depths:5)
  2 eidola
  2 merfolk impalers (Shoals:4)
  2 blizzard demons
  5 merfolk javelineers
  A deep elf death mage (Crypt:2)
  A death ooze (Slime:5)
  2 yaktaur captains
  A jiangshi (Crypt:2)
  2 ogre magi (Vaults:4)
  2 great orbs of eyes
  2 ice dragons (Depths:4)
  A spriggan air mage (Depths:4)
  A monstrous demonspawn (Pan)
  3 rakshasas (Abyss:4)
  A centaur warrior (Depths:2)
  An alligator snapping turtle (Shoals:4)
  A death knight (Vaults:1)
  A merfolk avatar (Shoals:4)
  9 dancing weapons (Elf:2)
  A deep troll shaman (Depths:3)
  A deep troll earth mage (Depths:3)
  3 merfolk aquamancers
  3 hell hogs (Abyss:4)
  4 hell knights (Depths:4)
  4 thrashing horrors
  2 spriggan berserkers
  A titan zombie (Crypt:3)
  4 deep elf knights
  A storm dragon zombie (Vaults:3)
  A sun demon (Pan)
  A wretched star (Abyss:3)
  3 wizards
  A soul eater (Pan)
  2 spatial maelstroms (Abyss:4)
  7 skeletal warriors
  4 cherubim (Depths:4)
  A ghost moth zombie (Tar:5)
  3 sea snakes
  A gelid demonspawn (Pan)
  A giant orange brain (Vaults:4)
  An ironbrand convoker (Vaults:2)
  2 phantasmal warriors (Crypt:2)
  A lindwurm (shapeshifter) (Depths:5)
  A torturous demonspawn (Pan)
  2 necromancers
  4 orc knights (Vaults:2)
  A wolf spider zombie (Crypt:3)
  11 harpies
  A manticore (Shoals:3)
  9 deep elf magi (Elf:2)
  A moth of wrath (shapeshifter) (Depths:4)
  A shadow dragon skeleton (Crypt:3)
  2 griffons
  A moth of wrath (Zot:4)
  2 fire giant zombies
  11 ugly things
  16 large abominations
  A cyclops (Shoals:4)
  A faun (Shoals:3)
  2 rust devils
  5 sirens
  2 vault sentinels (Vaults:4)
  A frost giant skeleton (Tar:5)
  An apocalypse crab (Abyss:3)
  8 smoke demons
  A water nymph (Shoals:4)
  A gargoyle (Crypt:3)
  A kobold demonologist (Vaults:1)
  2 efreet (Abyss:2)
  A freezing wraith (Vaults:4)
  A dire elephant skeleton (Crypt:3)
  10 yaktaurs
  A tormentor (Pan)
  A hydra zombie (Hell)
  An ancient zyme (Abyss:4)
  2 red devils (Pan)
  An ice devil (Pan)
  A silent spectre (Tar:5)
  A polar bear (shapeshifter) (Vaults:4)
  A meliai (Spider:4)
  3 two-headed ogres (Vaults:4)
  14 merfolk
  A boulder beetle (Vaults:1)
  19 slime creatures
  10 raiju
  3 snapping turtles
  An ettin skeleton (Crypt:3)
  A flying skull (Abyss:4)
  7 water elementals
  A shadow (Tar:7)
  4 ynoxinuls
  An air elemental (Depths:4)
  An alligator skeleton (Hell)
  A spriggan (Depths:2)
  9 starcursed masses
  2 wraiths
  A hungry ghost (Abyss:4)
  5 golden eyes
  3 chaos spawn
  A neqoxec (Abyss:4)
  A naga (shapeshifter) (Abyss:4)
  5 insubstantial wisps (Abyss:4)
  2 hell hounds
  5 orc warriors (Vaults:2)
  An eye of draining (Slime:5)
  3 ogres (Vaults:4)
  A necrophage (Crypt:2)
  An elf zombie (Hell)
  7 small abominations
  A killer bee (Spider:4)
  A quasit (Abyss:2)
  A giant frog skeleton (D:11)
  An iron imp (Abyss:4)
  An adder (D:11)
  A hell rat skeleton (Crypt:2)
  A white imp (Abyss:4)
  2 ufetubi (Abyss:1)
  A ball lightning (Pan)
  9 orcs
  A lurking horror (Abyss:4)
  A macabre mass (Abyss:4)
  9 starspawn tentacles
410 creatures vanquished.

Vanquished Creatures (others)
  3 eldritch tentacles
  A war gargoyle (Depths:3)
  A draconian annihilator (Pan)
  A lorocyproca (Pan)
  A green death (Pan)
  2 rakshasas (Pan)
  A dancing weapon (Depths:3)
  A death scarab (Tomb:3)
  A soul eater (Pan)
  A golden dragon zombie (Geh:7)
  A giant orange brain (Pan)
  2 wizards (Pan)
  A moth of wrath (Zot:5)
  2 smoke demons (Pan)
  A dire elephant skeleton (Geh:7)
  A tengu conjurer (Depths:3)
  A golden dragon simulacrum (Tomb:2)
  A hydra zombie (Geh:5)
  A merfolk (Shoals:3)
  An ettin zombie (Geh:7)
  A fire dragon skeleton (Tomb:2)
  3 flying skulls (Tomb:2)
  A spectral centaur (Depths:3)
  2 mummies (Tomb:2)
  5 ball lightnings (Pan)
  An orc (Vaults:3)
  64 blocks of ice
  A demonic plant (D:10)
  361 eldritch tentacle segments
  15 fungi
  3 lost souls
  A lurking horror (Abyss:3)
  21 plants
  22 starspawn tentacles
  182 starspawn tentacle segments
  4 tentacles
  71 tentacle segments
  A withered plant (Crypt:3)
784 creatures vanquished.

Grand Total: 6201 creatures vanquished

Notes
Turn   | Place    | Note
--------------------------------------------------------------
     0 | D:1      | Laraso the Gargoyle Earth Elementalist began the quest for the Orb.
     0 | D:1      | Reached XP level 1. HP: 10/10 MP: 3/3
   124 | D:1      | Reached skill level 4 in Earth Magic
   161 | D:1      | Reached XP level 2. HP: 11/15 MP: 0/5
   721 | D:1      | Reached XP level 3. HP: 16/19 MP: 6/6
   723 | D:1      | Reached skill level 5 in Earth Magic
  1308 | D:2      | Learned a level 3 spell: Stone Arrow
  1851 | D:2      | Reached XP level 4. HP: 24/24 MP: 5/7
  2083 | D:2      | Reached skill level 6 in Earth Magic
  2704 | D:2      | Reached XP level 5. HP: 25/28 MP: 7/9
  2826 | D:3      | Reached skill level 3 in Spellcasting
  2955 | D:3      | Found a faded altar of an unknown god.
  3169 | D:3      | Reached skill level 11 in Spellcasting
  3169 | D:3      | Reached XP level 6. HP: 32/32 MP: 11/20
  3234 | D:3      | Learned a level 4 spell: Petrify
  3240 | D:3      | Learned a level 5 spell: Lee's Rapid Deconstruction
  3243 | D:3      | Learned a level 2 spell: Passwall
  3817 | D:3      | Noticed Grinder
  3823 | D:3      | Paralysed by Grinder for 3 turns
  3830 | D:3      | Killed Grinder
  3830 | D:3      | Reached skill level 7 in Earth Magic
  3830 | D:3      | Reached XP level 7. HP: 25/36 MP: 10/21
  4223 | D:4      | Reached skill level 8 in Earth Magic
  4345 | D:4      | Found a hide-covered altar of Uskayaw.
  4367 | D:4      | Found a snail-covered altar of Cheibriados.
  4369 | D:4      | Reached skill level 1 in Conjurations
  4369 | D:4      | Reached XP level 8. HP: 41/41 MP: 9/23
  4370 | D:4      | Found a white marble altar of Elyvilon.
  4370 | D:4      | Found a bloodstained altar of Trog.
  4370 | D:4      | Found an opulent altar of Gozag.
  4449 | D:4      | Found a radiant altar of Vehumet.
  4457 | D:4      | Became a worshipper of Vehumet
  4497 | D:4      | Reached skill level 2 in Conjurations
  4696 | D:4      | Found a glowing silver altar of Zin.
  4745 | D:4      | Reached skill level 3 in Conjurations
  4752 | D:4      | Found Tuoraud's Antique Armour Boutique.
  5043 | D:5      | Entered Level 5 of the Dungeon
  5333 | D:5      | Reached skill level 4 in Conjurations
  5485 | D:5      | Found a burning altar of Makhleb.
  5485 | D:5      | Found a stormy altar of Qazlal.
  5864 | D:6      | Noticed Blork the orc
  5870 | D:6      | Killed Blork the orc
  5960 | D:6      | Reached skill level 5 in Conjurations
  6032 | D:6      | Reached skill level 1 in Transmutations
  6032 | D:6      | Reached XP level 9. HP: 45/45 MP: 17/24
  6287 | D:6      | Reached skill level 2 in Transmutations
  6439 | D:6      | Reached * piety under Vehumet
  6439 | D:6      | Offered knowledge of Flame Tongue by Vehumet.
  6459 | D:6      | Noticed Edmund
  6465 | D:6      | Killed Edmund
  6602 | D:6      | Found a staircase to the Ecumenical Temple.
  6791 | D:7      | Got an iridescent mace
  6794 | D:7      | Identified the +4 mace of the Butterfly {crush, *Noise rElec MP+9 Dex+2} (You found it on level 7 of the Dungeon)
  6824 | D:7      | Reached skill level 3 in Transmutations
  7207 | D:7      | Found a shadowy altar of Dithmenos.
  7401 | D:7      | Noticed Menkaure
  7403 | D:7      | Noticed Dowan
  7408 | D:7      | Killed Menkaure
  7408 | D:7      | Reached skill level 4 in Transmutations
  7416 | D:7      | Noticed Duvessa
  7420 | D:7      | Killed Dowan
  7614 | D:7      | Killed Duvessa
  7696 | D:7      | Offered knowledge of Freeze by Vehumet.
  7961 | D:8      | Reached ** piety under Vehumet
  7961 | D:8      | Reached skill level 5 in Transmutations
  8048 | D:8      | Reached XP level 10. HP: 50/50 MP: 25/25
  8555 | D:8      | Reached skill level 9 in Earth Magic
  9105 | D:9      | Reached skill level 10 in Earth Magic
  9192 | D:9      | Offered knowledge of Ignite Poison by Vehumet.
  9717 | D:9      | Found a stormy altar of Qazlal.
  9734 | D:9      | Reached *** piety under Vehumet
  9734 | D:9      | Reached skill level 11 in Earth Magic
 10272 | D:9      | Offered knowledge of Dazzling Spray by Vehumet.
 10299 | D:9      | Found a staircase to the Orcish Mines.
 10480 | D:10     | Entered Level 10 of the Dungeon
 10624 | D:10     | Found a portal to a secret trove of treasure.
 10654 | D:10     | Noticed a kobold demonologist
 10658 | D:10     | Noticed a kobold demonologist
 10659 | D:10     | Noticed a kobold demonologist
 10740 | D:10     | Reached XP level 11. HP: 54/54 MP: 21/26
 10763 | D:10     | Noticed a sun demon
 10766 | D:10     | Reached skill level 12 in Earth Magic
 11051 | D:10     | Found a corrupted altar of Lugonu.
 11091 | D:10     | Reached **** piety under Vehumet
 11231 | D:10     | Offered knowledge of Force Lance by Vehumet.
 11244 | D:10     | Gained mutation: You have supernaturally acute eyesight. (SInv) [potion of beneficial mutation]
 11309 | D:10     | Found a staircase to the Lair.
 11525 | D:11     | Reached skill level 13 in Earth Magic
 11530 | D:11     | Noticed Nergalle
 11607 | Lair:1   | Entered Level 1 of the Lair of Beasts
 11886 | Lair:1   | Reached ***** piety under Vehumet
 12046 | Lair:1   | HP: 17/54 [blast of rock fragments (27)]
 12046 | Lair:1   | Offered knowledge of Ozocubu's Refrigeration by Vehumet.
 12317 | Lair:1   | Found a frozen archway.
 12321 | Lair:1   | Reached skill level 14 in Earth Magic
 12334 | IceCv    | Entered an ice cave
 12944 | Lair:1   | Reached skill level 15 in Earth Magic
 13218 | Lair:1   | Reached skill level 1 in Shields
 13220 | Lair:1   | Reached skill level 2 in Shields
 13220 | Lair:1   | Reached XP level 12. HP: 47/59 MP: 14/27
 13730 | Lair:2   | Reached skill level 3 in Shields
 13747 | Lair:2   | Reached skill level 4 in Shields
 13890 | Lair:2   | Reached skill level 5 in Shields
 13956 | Lair:2   | Found a labyrinth entrance.
 13973 | Lab      | Entered a labyrinth
 14517 | Lab      | Reached skill level 6 in Shields
 14688 | Lab      | Noticed a minotaur
 14700 | Lab      | Killed a minotaur
 14831 | Lab      | Got a polished ring mail
 14840 | Lab      | Got a crystal trident
 14843 | Lair:2   | Identified the +3 trident "Sivifu" {holy, Int+6 Dex+4} (You found it in a labyrinth)
 14847 | Lair:2   | Identified a +9 rod of clouds (9/9) (You took it off a minotaur in a labyrinth)
 14859 | Lair:2   | Identified the cursed +1 ring mail of Rationality {+Inv rN+ Regen+ Int+3} (You took it off a minotaur in a labyrinth)
 14966 | Lair:2   | Reached skill level 12 in Spellcasting
 15994 | Lair:3   | Reached skill level 13 in Spellcasting
 16120 | Lair:3   | HP: 22/59 [river rat (4)]
 16262 | Lair:3   | Reached XP level 13. HP: 52/63 MP: 30/30
 16283 | Lair:3   | Offered knowledge of Iskenderun's Mystic Blast by Vehumet.
 17324 | Lair:3   | Gained mutation: You have very sharp teeth. [potion of mutation]
 17324 | Lair:3   | Gained mutation: Your natural rate of healing is unusually fast. [potion of mutation]
 17324 | Lair:3   | Gained mutation: You are weak. (Str -2) [potion of mutation]
 17517 | Lair:3   | Reached skill level 16 in Earth Magic
 17706 | Lair:3   | Reached skill level 2 in Dodging
 18040 | Lair:4   | Got a fine quarterstaff
 18046 | Lair:4   | Identified the +9 quarterstaff "Noenol" {venom, Fragile rElec rF++ Dex+3} (You found it on level 4 of the Lair of Beasts)
 18139 | Lair:4   | Reached skill level 3 in Dodging
 18139 | Lair:4   | Offered knowledge of Spellforged Servitor by Vehumet.
 18232 | Lair:4   | Learned a level 7 spell: Spellforged Servitor
 18291 | Lair:4   | Found a hole to the Spider Nest.
 18451 | Lair:4   | Reached skill level 4 in Dodging
 18708 | Lair:4   | Reached skill level 5 in Dodging
 19052 | Lair:4   | Found a staircase to the Shoals.
 19523 | Lair:5   | HP: 25/63 [six-headed hydra (8)]
 19831 | Lair:5   | Reached skill level 6 in Dodging
 19927 | Lair:5   | Noticed Rupert
 19946 | Lair:5   | Found a viscous altar of Jiyva.
 19946 | Lair:5   | Found a staircase to the Slime Pits.
 20067 | Lair:5   | Killed Rupert
 20067 | Lair:5   | Reached skill level 7 in Dodging
 20300 | Lair:4   | Learned a level 6 spell: Haste
 20550 | Lair:5   | Noticed Snorg
 20567 | Lair:5   | Killed Snorg
 20567 | Lair:5   | Reached skill level 2 in Charms
 20567 | Lair:5   | Gained mutation: Your large and strong wings let you fly indefinitely. [Gargoyle growth]
 20567 | Lair:5   | Reached XP level 14. HP: 68/68 MP: 8/31
 20844 | Lair:5   | Reached skill level 3 in Charms
 20913 | Lair:5   | Reached skill level 4 in Charms
 21024 | Lair:6   | Entered Level 6 of the Lair of Beasts
 21283 | D:11     | Killed Nergalle
 21283 | D:11     | Reached skill level 5 in Charms
 21778 | D:11     | Offered knowledge of Irradiate by Vehumet.
 22348 | D:11     | Reached skill level 6 in Charms
 22606 | D:12     | Gained mutation: You are robust. (+10% HP) [potion of beneficial mutation]
 22938 | D:12     | Reached skill level 7 in Charms
 22962 | D:12     | Noticed Azrael
 23081 | D:12     | HP: 28/74 [Azrael/damnation (46)]
 23082 | D:12     | Killed Azrael
 23245 | D:12     | Found a bloodstained altar of Trog.
 23585 | D:13     | Reached skill level 8 in Charms
 23967 | D:13     | Found Bixa's Weapon Emporium.
 24050 | D:13     | Found a shimmering altar of Xom.
 24466 | D:14     | Found a gate to the Vaults.
 24475 | D:14     | Reached skill level 9 in Charms
 25051 | D:14     | Got a translucent quarterstaff
 25057 | D:14     | Identified the +4 quarterstaff "Cijed" {holy, SInv} (You found it on level 14 of the Dungeon)
 25325 | D:15     | Entered Level 15 of the Dungeon
 25426 | D:15     | Reached skill level 10 in Charms
 25721 | D:12     | Reached ****** piety under Vehumet
 25834 | Lair:4   | Reached XP level 15. HP: 79/79 MP: 32/32
 26183 | Lair:6   | Offered knowledge of Bolt of Fire by Vehumet.
 26429 | Lair:6   | Learned a level 6 spell: Bolt of Fire
 26624 | Lair:6   | Reached skill level 11 in Charms
 27305 | Lair:6   | Reached skill level 8 in Dodging
 28598 | Lair:6   | Reached skill level 9 in Dodging
 28725 | Lair:6   | Found a burning altar of Makhleb.
 29343 | Lair:6   | Offered knowledge of Poisonous Cloud by Vehumet.
 29386 | Lair:6   | Reached skill level 10 in Dodging
 29439 | Lair:6   | Found a gateway to Hell.
 29462 | Lair:6   | Learned a level 5 spell: Bolt of Magma
 29469 | Lair:6   | Learned a level 6 spell: Iron Shot
 29810 | Orc:1    | Entered Level 1 of the Orcish Mines
 30085 | Orc:2    | Entered Level 2 of the Orcish Mines
 30092 | Orc:2    | Found a staircase to the Elven Halls.
 30448 | Orc:2    | Found a roughly hewn altar of Beogh.
 31275 | Orc:2    | Found Upnuiken's Food Boutique.
 31275 | Orc:2    | Found Jupnise's General Store.
 31277 | Orc:2    | Found Womah's Magic Scroll Boutique.
 31753 | Orc:2    | Reached skill level 6 in Conjurations
 32368 | Orc:2    | Found Vaiwkowa's Distillery.
 32368 | Orc:2    | Found Gusk's General Store.
 32403 | Orc:2    | Reached skill level 7 in Conjurations
 32630 | Orc:2    | Reached XP level 16. HP: 83/83 MP: 4/33
 32796 | Orc:2    | Found Jeofiasm's Gadget Boutique.
 32796 | Orc:2    | Found Xavvet's Gadget Boutique.
 32821 | Orc:2    | Bought an uncursed amulet of regeneration for 420 gold pieces
 32821 | Orc:2    | Bought a scroll of identify for 28 gold pieces
 32866 | Orc:2    | Bought the ring of Qazlal's Hope {rN+ MP+9 Str-5 Int+3} for 410 gold pieces
 32866 | Orc:2    | Bought a scroll of identify for 36 gold pieces
 32879 | Orc:2    | Bought a scroll of identify for 30 gold pieces
 32879 | Orc:2    | Bought a scroll of identify for 30 gold pieces
 32879 | Orc:2    | Bought a scroll of identify for 30 gold pieces
 32879 | Orc:2    | Bought a scroll of blinking for 112 gold pieces
 32879 | Orc:2    | Bought a scroll of fog for 30 gold pieces
 32879 | Orc:2    | Bought a scroll of fog for 30 gold pieces
 33205 | Orc:2    | Reached skill level 8 in Conjurations
 33544 | Orc:1    | Found a roughly hewn altar of Beogh.
 33685 | Orc:2    | Offered knowledge of Bolt of Cold by Vehumet.
 34017 | Orc:1    | Found an iron altar of Okawaru.
 34395 | Spider:1 | Entered Level 1 of the Spider Nest
 34399 | Spider:1 | Noticed Hubbles's ghost (journeyman DsBe)
 34411 | Lair:4   | Reached skill level 9 in Conjurations
 34770 | Spider:1 | Noticed Frances
 34777 | Spider:1 | HP: 28/83 [Frances/iron shot (55)]
 34778 | Spider:1 | Killed Frances
 35182 | Spider:1 | Killed Hubbles's ghost
 35182 | Spider:1 | Reached skill level 10 in Conjurations
 35615 | Spider:1 | Noticed Donald
 35639 | Spider:1 | Killed Donald
 36502 | Spider:1 | Reached skill level 11 in Dodging
 36657 | Spider:1 | HP: 33/83 [ghost moth (8)]
 36663 | Spider:1 | HP: 26/83 [ghost moth (6)]
 36935 | Lair:4   | Upgraded the game from 0.19-a0-630-g098d46c to 0.19-a0-645-gfd18b6f
 37948 | Spider:2 | Offered knowledge of Lehudib's Crystal Spear by Vehumet.
 37948 | Spider:2 | Offered knowledge of Fire Storm by Vehumet.
 37948 | Spider:2 | Offered knowledge of Glaciate by Vehumet.
 38657 | Spider:3 | Reached skill level 12 in Dodging
 38824 | Spider:3 | Noticed Mara
 38825 | Spider:3 | Noticed Laraso's illusion
 38933 | Spider:2 | HP: 33/83 [ghost moth (10)]
 38941 | Spider:2 | HP: 32/83 [ghost moth (1)]
 38951 | Spider:2 | HP: 33/83 [ghost moth (3)]
 39408 | Spider:3 | Noticed Laraso's illusion
 39688 | Spider:3 | Noticed Laraso's illusion
 39702 | Spider:2 | HP: 22/83 [Mara/bolt of fire (27)]
 39887 | Spider:3 | Reached XP level 17. HP: 88/88 MP: 30/34
 40340 | Spider:4 | Entered Level 4 of the Spider Nest
 41222 | Spider:2 | Killed Mara
 41222 | Spider:2 | Reached skill level 13 in Dodging
 42380 | Spider:4 | Reached skill level 14 in Dodging
 42616 | Spider:4 | Reached skill level 1 in Summonings
 42856 | Spider:4 | Reached skill level 2 in Summonings
 43152 | Spider:4 | Reached skill level 3 in Summonings
 43352 | Spider:4 | Reached skill level 4 in Summonings
 44024 | Spider:4 | Reached skill level 5 in Summonings
 44059 | Spider:4 | Got a gossamer rune of Zot
 44508 | Shoals:1 | Entered Level 1 of the Shoals
 44509 | Shoals:1 | Reached skill level 6 in Summonings
 45011 | Shoals:1 | Noticed Josephine
 45016 | Shoals:1 | Killed Josephine
 45304 | Shoals:1 | Identified a scroll of acquirement
 45339 | Shoals:1 | Reached skill level 7 in Summonings
 46035 | Shoals:2 | Reached XP level 18. HP: 93/93 MP: 28/35
 46441 | Shoals:2 | Reached skill level 11 in Conjurations
 47946 | Shoals:3 | Reached skill level 12 in Conjurations
 48402 | Shoals:3 | HP: 23/93 [satyr/arrow (26)]
 48707 | Shoals:3 | Noticed Nikola
 48716 | Shoals:3 | Killed Nikola
 48716 | Shoals:3 | Reached skill level 13 in Conjurations
 49378 | Shoals:4 | Entered Level 4 of the Shoals
 49598 | Shoals:4 | Noticed Ilsuiw
 49617 | Shoals:4 | Killed Ilsuiw
 49998 | Shoals:4 | Reached skill level 14 in Conjurations
 50020 | Shoals:4 | HP: 28/93 [manticore/volley of spikes (17)]
 50055 | Shoals:4 | HP: 34/93 [merfolk javelineer/javelin of penetration (13)]
 50570 | Shoals:3 | Reached skill level 1 in Evocations
 50662 | Shoals:4 | Reached skill level 2 in Evocations
 50701 | Shoals:4 | HP: 35/93 [merfolk javelineer/javelin (11)]
 50974 | Shoals:4 | Reached skill level 3 in Evocations
 51179 | Shoals:4 | Got a barnacled rune of Zot
 51355 | Shoals:4 | Reached skill level 4 in Evocations
 51945 | Shoals:4 | Reached skill level 5 in Evocations
 52259 | Shoals:4 | Got a translucent cloak
 52265 | Shoals:4 | Identified the +2 cloak of Xelopso Cuil {rC+ SInv} (You found it on level 4 of the Shoals)
 52336 | Shoals:4 | Reached skill level 6 in Evocations
 52336 | Shoals:4 | Reached XP level 19. HP: 97/97 MP: 22/36
 53498 | Vaults:1 | Entered Level 1 of the Vaults
 53620 | Vaults:1 | Reached skill level 7 in Evocations
 54148 | Vaults:1 | Learned a level 8 spell: Lehudib's Crystal Spear
 54213 | Vaults:1 | Reached skill level 8 in Evocations
 54215 | Vaults:1 | HP: 38/97 [yaktaur/bolt[a vault warden] (22)]
 55200 | Vaults:1 | Reached skill level 15 in Conjurations
 56221 | Vaults:2 | Found a staircase to the Crypt.
 56609 | Vaults:2 | Reached skill level 16 in Conjurations
 57809 | Vaults:2 | Found Asinn's Distillery.
 57815 | Vaults:2 | Bought a potion of beneficial mutation for 420 gold pieces
 57815 | Vaults:2 | Bought a potion of heal wounds for 60 gold pieces
 57815 | Vaults:2 | Bought 2 potions of heal wounds for 120 gold pieces
 57815 | Vaults:2 | Bought 2 potions of heal wounds for 120 gold pieces
 57815 | Vaults:2 | Gained mutation: Your spells are a little harder to cast, but a little more powerful. [potion of beneficial mutation]
 57893 | Vaults:2 | Reached skill level 17 in Earth Magic
 58089 | Vaults:2 | Got a spiked leather armour
 58090 | Vaults:2 | Identified the +2 leather armour of Westroh {rCorr Str+6 Int-5} (You found it on level 2 of the Vaults)
 58181 | Vaults:2 | Noticed Mennas
 58767 | Vaults:2 | Reached skill level 9 in Evocations
 58928 | Vaults:2 | Reached XP level 20. HP: 103/103 MP: 32/37
 59469 | Vaults:3 | Reached skill level 10 in Evocations
 60651 | Vaults:3 | Reached skill level 11 in Evocations
 61030 | Vaults:3 | Reached skill level 12 in Evocations
 61291 | Vaults:4 | Found Lunnox's Antique Weapon Shop.
 61737 | Vaults:4 | Reached skill level 13 in Evocations
 62050 | Vaults:4 | Found an oddly glowing altar of Pakellas.
 62213 | Vaults:4 | Got a brightly glowing copper ring
 62214 | Vaults:4 | Identified the ring "Baru" {Fire rN+ Stlth+} (You found it on level 4 of the Vaults)
 62746 | Vaults:4 | Reached XP level 21. HP: 107/107 MP: 5/38
 63034 | Vaults:4 | Reached skill level 14 in Evocations
 63250 | D:15     | Got a bloodstained leather armour
 63251 | D:15     | Identified the +2 leather armour "Trusted Companion" {*Confuse Str+6 Dex+2} (You found it on level 15 of the Dungeon)
 63497 | D:15     | Noticed Nessos
 63510 | D:15     | Killed Nessos
 63944 | D:15     | Found a staircase to the Depths.
 64080 | Depths:1 | Entered Level 1 of the Depths
 64307 | Depths:1 | Gained mutation: Your body sometimes deteriorates upon taking damage. [mutagenic glow]
 64376 | D:15     | Gained mutation: You occasionally shout uncontrollably at your foes. [mutagenic glow]
 64476 | Depths:1 | Reached skill level 18 in Earth Magic
 65173 | Depths:1 | Found a one-way gate to the infinite horrors of the Abyss.
 65193 | Depths:1 | Found a snail-covered altar of Cheibriados.
 65370 | Depths:2 | Noticed the Enchantress
 65549 | Depths:1 | Reached skill level 14 in Spellcasting
 65675 | Depths:2 | HP: 31/107 [spriggan defender/lajatang of speed[the Enchantress] (14)]
 65677 | Depths:2 | Killed the Enchantress
 65729 | Depths:2 | HP: 40/107 [spark wasp/living lightning (7)]
 65920 | Depths:2 | Got a faerie dragon armour
 65931 | Depths:2 | Identified the +3 faerie dragon armour {rCorr Str+2 Int+3} (You took it off the Enchantress on level 2 of the Depths)
 66047 | Depths:2 | Found a gateway to a ziggurat.
 66560 | Depths:2 | Found Yboel's Antique Armour Emporium.
 66761 | Depths:2 | Reached skill level 19 in Earth Magic
 66975 | Depths:2 | Noticed Bai Suzhen
 66982 | Depths:2 | Killed Bai Suzhen
 67003 | Depths:2 | Noticed a caustic shrike
 67015 | Depths:2 | Killed a caustic shrike
 67152 | Depths:2 | Reached XP level 22. HP: 113/113 MP: 23/40
 67203 | Depths:2 | Learned a level 9 spell: Shatter
 67313 | Depths:2 | Reached skill level 20 in Earth Magic
 68252 | Depths:3 | Found a one-way gate leading to the halls of Pandemonium.
 68252 | Depths:3 | Noticed Aizul
 68258 | Depths:3 | Killed Aizul
 68468 | Depths:3 | Reached skill level 21 in Earth Magic
 68893 | Depths:3 | Noticed Maud
 68896 | Depths:3 | Killed Maud
 68930 | Depths:3 | Identified the +9 rapier of Moderation {venom, -Tele rN++ Int+4} (You found it on level 3 of the Depths)
 69147 | Depths:3 | HP: 31/113 [fire giant/fireball (21)]
 69759 | Depths:3 | Reached skill level 22 in Earth Magic
 70289 | Depths:4 | Noticed Margery
 70668 | Depths:4 | Paralysed by a great orb of eyes for 6 turns
 70902 | Depths:4 | Reached skill level 23 in Earth Magic
 70902 | Depths:4 | Reached XP level 23. HP: 81/117 MP: 8/41
 70908 | Depths:4 | Gained mutation: You tend to lose your temper in combat. [mutagenic glow]
 71087 | Depths:4 | Found a glowing silver altar of Zin.
 71267 | Depths:4 | Identified the cursed +0 trident "Ocuxtir" {speed, rC+} (You found it on level 4 of the Depths)
 71293 | Depths:4 | Learned a level 1 spell: Summon Butterflies
 71414 | Depths:4 | Reached XP level 24. HP: 74/123 MP: 11/41
 71854 | Depths:4 | Killed Margery
 71902 | Depths:4 | Found Juluh's Magic Scroll Shop.
 71910 | Depths:4 | Bought 3 scrolls of identify for 114 gold pieces
 71910 | Depths:4 | Bought a scroll of enchant weapon for 142 gold pieces
 71910 | Depths:4 | Bought a scroll of identify for 38 gold pieces
 71910 | Depths:4 | Bought a scroll of summoning for 180 gold pieces
 71910 | Depths:4 | Bought a scroll of teleportation for 57 gold pieces
 71910 | Depths:4 | Bought a scroll of blinking for 142 gold pieces
 71987 | Depths:4 | Learned a level 8 spell: Lehudib's Crystal Spear
 72013 | Depths:4 | Reached skill level 24 in Earth Magic
 72615 | Depths:5 | Entered Level 5 of the Depths
 73442 | Depths:5 | Reached skill level 25 in Earth Magic
 73478 | Depths:5 | Got a pair of crude boots
 73479 | Depths:5 | Identified the +2 pair of boots "Emmiadgh" {-Cast rF+ Int+2 SInv} (You found it on level 5 of the Depths)
 73565 | Depths:5 | Reached skill level 1 in Fighting
 73576 | Depths:5 | Reached skill level 2 in Fighting
 73598 | Depths:5 | Noticed Frederick
 73602 | Depths:5 | Killed Frederick
 73602 | Depths:5 | Reached skill level 3 in Fighting
 73617 | Depths:5 | Reached skill level 4 in Fighting
 73666 | Depths:5 | Reached skill level 5 in Fighting
 73840 | Depths:5 | Reached skill level 6 in Fighting
 73891 | Depths:5 | Found a gate to the Realm of Zot.
 73902 | Depths:5 | Reached skill level 7 in Fighting
 74061 | Depths:5 | Reached skill level 8 in Fighting
 74664 | Depths:5 | Reached skill level 9 in Fighting
 75026 | Depths:1 | Reached skill level 10 in Fighting
 75238 | Vaults:5 | Entered Level 5 of the Vaults
 75238 | Vaults:5 | Noticed Jory
 75239 | Vaults:5 | Reached XP level 25. HP: 157/157 MP: 41/41
 75240 | Vaults:5 | Reached skill level 11 in Fighting
 75246 | Vaults:5 | Killed Jory
 75246 | Vaults:5 | Reached skill level 12 in Fighting
 75396 | Vaults:5 | Reached skill level 13 in Fighting
 75397 | Vaults:5 | Noticed an ancient lich
 75399 | Vaults:5 | Killed an ancient lich
 75400 | Vaults:5 | Reached skill level 14 in Fighting
 75409 | Vaults:5 | Noticed an ancient lich
 75581 | Vaults:5 | Reached skill level 15 in Fighting
 75582 | Vaults:5 | Killed an ancient lich
 75589 | Vaults:5 | Reached skill level 16 in Fighting
 75998 | Vaults:5 | Reached XP level 26. HP: 181/181 MP: 35/41
 76249 | Vaults:5 | Reached skill level 12 in Charms
 76386 | Vaults:5 | Got a translucent graven amulet
 76389 | Vaults:5 | Identified the amulet "Yrchash" {Inacc rF+ Str+2} (You found it on level 5 of the Vaults)
 76457 | Vaults:5 | Identified the Compendium of Flames and Protection
 76542 | Vaults:5 | Got a silver rune of Zot
 76687 | Vaults:5 | Learned a level 2 spell: Repel Missiles
 76741 | Vaults:5 | Found Git Xyit's Assorted Antiques.
 76750 | Vaults:5 | Bought a scroll of teleportation for 150 gold pieces
 76750 | Vaults:5 | Bought a scroll of identify for 100 gold pieces
 76753 | Vaults:5 | Identified the +8 dagger of Ulaunkit {pierce, *Noise rF+ Int+2} (You found it on level 5 of the Vaults)
 76755 | Vaults:5 | Identified the +11 dagger "Waujotu" {pierce, Int-2 Dex+8} (You found it on level 5 of the Vaults)
 76802 | Vaults:5 | Got a faintly humming helmet
 76803 | Vaults:5 | Identified the cursed +0 helmet "Ymneuc" {rElec Regen+} (You found it on level 5 of the Vaults)
 76806 | Vaults:5 | Identified the +5 scale mail "Ochetext" {Str+5 Int+3 Dex-2 Stlth+} (You found it on level 5 of the Vaults)
 77611 | Zot:1    | Entered Level 1 of the Realm of Zot
 77781 | Zot:1    | Reached skill level 15 in Evocations
 78536 | Zot:1    | Reached skill level 16 in Evocations
 79345 | Zot:2    | Reached skill level 17 in Evocations
 79977 | Zot:2    | Reached XP level 27. HP: 187/187 MP: 35/41
 80106 | Zot:2    | Reached skill level 18 in Evocations
 80729 | Zot:2    | Reached skill level 19 in Evocations
 81501 | Zot:4    | Reached skill level 20 in Evocations
 81647 | Zot:4    | You are cast into the Abyss!
 81647 | Zot:4    | Cast into level 5 of the Abyss (the power of Zot)
 81647 | Abyss:5  | Entered Level 5 of the Abyss
 81686 | Zot:4    | You pass through the gate.
 81686 | Zot:4    | Escaped the Abyss
 82444 | Zot:5    | Entered Level 5 of the Realm of Zot
 82541 | Zot:5    | Reached skill level 21 in Evocations
 82611 | Zot:5    | Identified the cursed +1 leather armour "Erozusur" {rPois MR++} (You found it on level 5 of the Realm of Zot)
 82804 | Zot:4    | Upgraded the game from 0.19-a0-645-gfd18b6f to 0.19-a0-664-g51fd293
 82806 | Zot:4    | Upgraded the game from 0.19-a0-664-g51fd293 to 0.19-a0-678-ge7aab0b
 83214 | Elf:1    | Entered Level 1 of the Elven Halls
 83266 | Elf:1    | Noticed Agnes
 83268 | Elf:1    | Killed Agnes
 83685 | Elf:1    | Noticed Louise
 83688 | Elf:1    | Killed Louise
 84300 | Elf:2    | You are cast into the Abyss!
 84300 | Elf:2    | Cast into level 2 of the Abyss (a deep elf sorcerer)
 84431 | Abyss:2  | Reached skill level 22 in Evocations
 84962 | Abyss:3  | Found a corrupted altar of Lugonu.
 85211 | Abyss:3  | Found a corrupted altar of Lugonu.
 85299 | Abyss:4  | Reached skill level 15 in Dodging
 85504 | Abyss:4  | Gained mutation: You are somewhat resistant to further mutation. [a cacodemon]
 85526 | Abyss:4  | Reached skill level 16 in Dodging
 85532 | Abyss:4  | Got an abyssal rune of Zot
 86026 | Elf:2    | You pass through the gate.
 86026 | Elf:2    | Escaped the Abyss
 86261 | Elf:2    | Noticed Asterion
 86274 | Elf:2    | Killed Asterion
 86405 | Elf:2    | Found a runed gate.
 86405 | Elf:2    | Found a runed gate.
 86405 | Elf:2    | Found a runed gate.
 86521 | Elf:2    | Reached skill level 17 in Dodging
 86710 | Elf:2    | You are cast into the Abyss!
 86710 | Elf:2    | Cast into level 3 of the Abyss (eveningstar of distortion)
 86710 | Abyss:3  | Found a corrupted altar of Lugonu.
 86726 | Elf:2    | You pass through the gate.
 86726 | Elf:2    | Escaped the Abyss
 86887 | Elf:3    | Entered Level 3 of the Elven Halls
 86930 | Elf:3    | Found a magical portal.
 86939 | WizLab   | Entered Wucad Mu's Monastery
 87126 | WizLab   | Gained mutation: You are partially covered in iridescent scales. (AC +4) [potion of beneficial mutation]
 87127 | WizLab   | Reached skill level 5 in Fire Magic
 87357 | Elf:3    | Noticed Saint Roka
 87359 | Elf:3    | Reached skill level 18 in Dodging
 87360 | Elf:3    | Killed Saint Roka
 87561 | Elf:3    | Reached skill level 19 in Dodging
 87701 | Elf:3    | Identified Vehumet's Guide on Blows and Bruises
 87707 | Elf:3    | Learned a level 1 spell: Apportation
 87941 | Elf:3    | Got a glittering iron amulet
 88056 | Elf:3    | Identified the amulet of Ziblakhi {Spirit rC+ rN+} (You took it off a deep elf sorcerer on level 3 of the Elven Halls)
 88057 | Elf:3    | Identified the amulet "Heifuym" {Faith SInv} (You took it off a deep elf master archer on level 3 of the Elven Halls)
 88749 | Vaults:5 | Learned a level 2 spell: Repel Missiles
 89207 | Slime:1  | Entered Level 1 of the Pits of Slime
 89621 | Slime:2  | Reached skill level 20 in Dodging
 89719 | Slime:4  | Reached skill level 3 in Stealth
 89720 | Slime:4  | Reached skill level 4 in Stealth
 89727 | Slime:4  | Reached skill level 5 in Stealth
 89735 | Slime:4  | Reached skill level 6 in Stealth
 89950 | Slime:5  | Entered Level 5 of the Pits of Slime
 89973 | Slime:5  | Reached skill level 7 in Stealth
 89995 | Slime:5  | Reached skill level 8 in Stealth
 90020 | Slime:5  | Reached skill level 9 in Stealth
 90021 | Slime:5  | Noticed the Royal Jelly
 90384 | Slime:3  | Reached skill level 10 in Stealth
 90772 | Slime:4  | Reached skill level 11 in Stealth
 90825 | Slime:5  | Lost mutation: Your spells are a little harder to cast, but a little more powerful. [a shining eye]
 90826 | Slime:5  | Reached skill level 12 in Stealth
 91040 | Slime:5  | Found a viscous altar of Jiyva.
 91112 | Slime:5  | Killed the Royal Jelly
 91112 | Slime:5  | Reached skill level 13 in Stealth
 91238 | Slime:5  | Reached skill level 14 in Stealth
 91245 | Slime:4  | HP: 73/187 [acid[the Royal Jelly] (7)]
 91250 | Slime:4  | HP: 66/187 [acid (4)]
 91255 | Slime:3  | HP: 50/187 [acid blob[the Royal Jelly] (7)]
 91495 | Slime:3  | Lost mutation: You have supernaturally acute eyesight. (SInv) [a shining eye]
 91806 | Slime:5  | Identified the +3 large shield of Kocaeck {rPois Dex+2} (You found it on level 5 of the Pits of Slime)
 91823 | Slime:5  | Identified the +1 pair of boots of Xiwiamm {rCorr Str-4 Dex+5 SInv} (You found it on level 5 of the Pits of Slime)
 91855 | Slime:5  | Identified the ring "Qaokeq" {Str+2 Slay+2 Stlth-} (You found it on level 5 of the Pits of Slime)
 91945 | Slime:5  | Identified Nenaega's Guide on Vitriolic Snow
 91963 | Slime:5  | Got a slimy rune of Zot
 91965 | Slime:5  | Identified the +1 buckler of Gehenna {rF++ rCorr Str-2} (You found it on level 5 of the Pits of Slime)
 92016 | Slime:5  | Identified the +9 morningstar "Lox Yfi" {freeze, rPois rN+ MP-9} (You found it on level 5 of the Pits of Slime)
 92031 | Slime:5  | Reached skill level 1 in Armour
 92081 | Slime:5  | Reached skill level 2 in Armour
 92523 | Vaults:5 | Reached skill level 3 in Armour
 92791 | Lair:1   | Learned a level 6 spell: Deflect Missiles
 92945 | Hell     | Entered the Vestibule of Hell
 92945 | Hell     | Noticed Geryon
 94383 | Depths:5 | Gained mutation: Your spells are a little harder to cast, but a little more powerful. [mutagenic glow]
 94523 | Hell     | Killed Geryon
 94523 | Hell     | Reached skill level 15 in Spellcasting
 94571 | Hell     | Found a gateway to the decaying netherworld of Tartarus.
 94644 | Hell     | Found a gateway to the ashen valley of Gehenna.
 94823 | Hell     | Found a gateway to the Iron City of Dis.
 94867 | Hell     | Found a gateway to the freezing wastes of Cocytus.
 95448 | Orc:2    | Bought a potion of cure mutation for 350 gold pieces
 95458 | Orc:2    | Bought a sack of spiders for 280 gold pieces
 95458 | Orc:2    | Bought a box of beasts for 280 gold pieces
 95460 | Orc:2    | Bought a potion of magic for 104 gold pieces
 95460 | Orc:2    | Bought a potion of magic for 104 gold pieces
 95460 | Orc:2    | Bought a potion of heal wounds for 65 gold pieces
 95862 | Zot:5    | Noticed an orb of fire
 96059 | Pan      | Entered Pandemonium
 96171 | Pan      | Found an exit through the horrors of the Abyss.
 96191 | Pan      | Noticed Teesuveg the pandemonium lord
 96196 | Pan      | Reached skill level 16 in Spellcasting
 96200 | Pan      | Killed Teesuveg the pandemonium lord
 96471 | Pan      | Found an exit through the horrors of the Abyss.
 96513 | Pan      | Reached skill level 17 in Spellcasting
 96705 | Pan      | Noticed Mekire's ghost (legendary FoAK)
 96712 | Pan      | HP: 61/187 [Mekire's ghost/Lee's Rapid Deconstruction (51)]
 96719 | Pan      | Killed Mekire's ghost
 96748 | Pan      | HP: 52/187 [large abomination (24)]
 96765 | Pan      | Reached skill level 18 in Spellcasting
 96768 | Pan      | Noticed Taudgh the pandemonium lord
 96770 | Pan      | HP: 59/187 [putrid blood saint/iceblast (23)]
 96774 | Pan      | HP: 20/187 [Brimstone Fiend/damnation (27)]
 97136 | Pan      | Found an exit through the horrors of the Abyss.
 97140 | Pan      | Entered the realm of Cerebov.
 97705 | Pan      | Noticed Cerebov
 97710 | Pan      | Reached skill level 19 in Spellcasting
 97719 | Pan      | HP: 56/187 [Cerebov/iron shot (40)]
 97754 | Pan      | Got a fiery rune of Zot
 97766 | Pan      | Killed Cerebov
 97921 | Pan      | Entered the realm of Lom Lobon.
 98054 | Pan      | Learned a level 9 spell: Fire Storm
 98065 | Pan      | Learned a level 9 spell: Glaciate
 98360 | Pan      | Found an exit through the horrors of the Abyss.
 98428 | Pan      | Gained mutation: Your movements are slightly less encumbered by armour. (ER -2) [potion of beneficial mutation]
 98472 | Pan      | Reached skill level 20 in Spellcasting
 98959 | Pan      | Noticed Lom Lobon
 98988 | Pan      | Got a magical rune of Zot
 99103 | Pan      | Entered the realm of Gloorx Vloq.
 99222 | Pan      | Reached skill level 1 in Ice Magic
 99230 | Pan      | Reached skill level 2 in Ice Magic
 99442 | Pan      | Reached skill level 3 in Ice Magic
 99521 | Pan      | Reached skill level 4 in Ice Magic
 99657 | Pan      | Got a dark rune of Zot
 99897 | Pan      | Reached skill level 5 in Ice Magic
 99945 | Pan      | Reached skill level 17 in Conjurations
100167 | Pan      | Noticed Opheyleck the pandemonium lord
100184 | Pan      | Killed Opheyleck the pandemonium lord
100184 | Pan      | Reached skill level 6 in Ice Magic
100366 | Pan      | Identified the +0 helmet "Mademm" {+Blink rCorr Str+6 Stlth-} (You found it in Pandemonium)
100472 | Pan      | Found an exit through the horrors of the Abyss.
100498 | Pan      | Reached skill level 7 in Ice Magic
100509 | Pan      | Noticed Lom Lobon
100610 | Pan      | Found an exit through the horrors of the Abyss.
100708 | Pan      | Reached skill level 8 in Ice Magic
100715 | Pan      | Took an exit into the Abyss.
100715 | Abyss:1  | You pass through the gate.
100715 | Abyss:1  | Escaped into the Abyss
100715 | Abyss:1  | Found a corrupted altar of Lugonu.
100715 | Abyss:1  | Found a corrupted altar of Lugonu.
100756 | Abyss:1  | Reached skill level 18 in Conjurations
100789 | Abyss:1  | Paralysed by accursed screaming for 1 turns
100794 | Abyss:1  | Reached skill level 9 in Ice Magic
100919 | Depths:3 | You pass through the gate.
100919 | Depths:3 | Escaped the Abyss
101232 | Vaults:5 | Learned a level 3 spell: Regeneration
101328 | Vaults:5 | Bought a scroll of recharging for 475 gold pieces
101328 | Vaults:5 | Bought a copper wand for 200 gold pieces
101698 | Orc:2    | Bought 2 fruits for 42 gold pieces
101698 | Orc:2    | Bought 3 fruits for 63 gold pieces
101698 | Orc:2    | Bought a slice of pizza for 21 gold pieces
101698 | Orc:2    | Bought 5 fruits for 105 gold pieces
101698 | Orc:2    | Bought a bread ration for 70 gold pieces
101698 | Orc:2    | Bought a meat ration for 70 gold pieces
101698 | Orc:2    | Bought a bread ration for 70 gold pieces
101698 | Orc:2    | Bought a slice of pizza for 21 gold pieces
101698 | Orc:2    | Bought a meat ration for 70 gold pieces
101698 | Orc:2    | Bought a bread ration for 70 gold pieces
101698 | Orc:2    | Bought a fruit for 21 gold pieces
101698 | Orc:2    | Bought a meat ration for 70 gold pieces
101698 | Orc:2    | Bought a bread ration for 70 gold pieces
101704 | Orc:2    | Bought a potion of agility for 72 gold pieces
101995 | Crypt:1  | Entered Level 1 of the Crypt
102100 | Crypt:1  | Reached skill level 10 in Ice Magic
103202 | Crypt:2  | Reached skill level 19 in Conjurations
103377 | Crypt:2  | Reached skill level 11 in Ice Magic
103985 | Crypt:3  | Entered Level 3 of the Crypt
104382 | Crypt:3  | Identified the +3 leather armour "Wakhlyar" {*Drain Dex+4} (You found it on level 3 of the Crypt)
104420 | Crypt:3  | Identified the +3 leather armour of the Stag {rN+ Int+2 Slay+6} (You found it on level 3 of the Crypt)
104554 | Crypt:3  | Found an ancient bone altar of Kikubaaqudgha.
104561 | Crypt:3  | Noticed an ancient lich
104562 | Crypt:3  | Reached skill level 12 in Ice Magic
104565 | Crypt:3  | Killed an ancient lich
104579 | Crypt:3  | Identified a +4 rod of shadows (14/14) (You found it on level 3 of the Crypt)
104591 | Crypt:3  | Noticed an ancient lich
104593 | Crypt:3  | Killed an ancient lich
104593 | Crypt:3  | Reached skill level 20 in Conjurations
104848 | Crypt:3  | Found a staircase to the Tomb.
104897 | Crypt:3  | Identified the +0 robe "Rylocub" {*Drain rPois rC+ rN+ Str+4} (You found it on level 3 of the Crypt)
105151 | Crypt:3  | Got a vibrating golden ring
105166 | Crypt:3  | Identified the Handbook of Unholy Rites
105229 | Crypt:3  | Identified the ring of Winter {MR+ Str-2 Slay+3 SInv} (You took it off a skeletal warrior on level 3 of the Crypt)
105526 | Crypt:1  | Upgraded the game from 0.19-a0-678-ge7aab0b to 0.19-a0-684-gf760df0
105758 | Pan      | Entered Pandemonium
105844 | Pan      | Reached skill level 13 in Ice Magic
105911 | Pan      | Gained mutation: You are somewhat resistant to both further mutation and mutation removal. [potion of beneficial mutation]
106041 | Pan      | Found an exit through the horrors of the Abyss.
106148 | Pan      | Found a runed door.
106157 | Pan      | Noticed Baaxtet the pandemonium lord
106163 | Pan      | Killed Baaxtet the pandemonium lord
106402 | Pan      | Found an exit through the horrors of the Abyss.
106766 | Pan      | Reached skill level 14 in Ice Magic
106982 | Pan      | Noticed Wosauj the pandemonium lord
106990 | Pan      | Killed Wosauj the pandemonium lord
106990 | Pan      | Reached skill level 21 in Conjurations
107074 | Pan      | Noticed Koiq the pandemonium lord
107080 | Pan      | Killed Koiq the pandemonium lord
107120 | Pan      | Noticed Lom Lobon
107364 | Pan      | Noticed Gloorx Vloq
107515 | Pan      | Reached skill level 15 in Ice Magic
107553 | Pan      | Found an exit through the horrors of the Abyss.
107565 | Pan      | Killed Gloorx Vloq
107620 | Pan      | Noticed Plog the pandemonium lord
107634 | Pan      | Killed Plog the pandemonium lord
107653 | Pan      | Reached skill level 22 in Conjurations
107795 | Pan      | Got a demonic rune of Zot
107836 | Pan      | Noticed Lom Lobon
107849 | Pan      | Killed Lom Lobon
107980 | Pan      | Entered the realm of Mnoleg.
107986 | Pan      | Found an exit through the horrors of the Abyss.
108002 | Pan      | Lost mutation: You are robust. (+10% HP) [a neqoxec]
108099 | Pan      | Gained mutation: You often lose your temper in combat. [a cacodemon]
108101 | Pan      | Reached skill level 16 in Ice Magic
108240 | Pan      | Noticed Mnoleg
108386 | Pan      | Got a glowing rune of Zot
108470 | Pan      | Noticed Sug Jih the pandemonium lord
108474 | Pan      | HP: 38/170 [Sug Jih the pandemonium lord/great icy blast (69)]
108842 | Pan      | Found a white marble altar of Elyvilon.
108870 | Pan      | Reached skill level 17 in Ice Magic
108888 | Pan      | Reached skill level 23 in Conjurations
109128 | Depths:3 | You pass through the gate.
109128 | Depths:3 | Escaped Pandemonium
109342 | Zot:5    | Noticed an ancient lich
109349 | Zot:4    | Killed an orb of fire
109349 | Zot:4    | Reached skill level 4 in Armour
109362 | Zot:4    | Reached skill level 17 in Fighting
109499 | Zot:5    | Killed an ancient lich
109499 | Zot:5    | Reached skill level 7 in Shields
109532 | Zot:5    | Noticed an ancient lich
109533 | Zot:5    | Reached skill level 5 in Armour
109537 | Zot:5    | Killed an ancient lich
109598 | Zot:5    | Noticed an ancient lich
109601 | Zot:5    | Killed an ancient lich
109618 | Zot:5    | Noticed an ancient lich
109622 | Zot:5    | Reached skill level 6 in Armour
109623 | Zot:5    | Reached skill level 8 in Shields
109624 | Zot:5    | Killed an ancient lich
109630 | Zot:5    | Noticed an orb of fire
109632 | Zot:5    | Noticed an ancient lich
109635 | Zot:5    | Noticed an ancient lich
109635 | Zot:5    | Killed an orb of fire
109636 | Zot:5    | Reached skill level 7 in Armour
109637 | Zot:5    | Killed an ancient lich
109637 | Zot:5    | Reached skill level 9 in Shields
109637 | Zot:5    | Killed an ancient lich
109677 | Zot:5    | Reached skill level 8 in Armour
109689 | Zot:5    | Noticed an orb of fire
109694 | Zot:5    | Killed an orb of fire
109694 | Zot:5    | Reached skill level 18 in Fighting
109752 | Zot:5    | Reached skill level 10 in Shields
109768 | Zot:5    | Noticed an ancient lich
109774 | Zot:5    | Killed an ancient lich
109774 | Zot:5    | Reached skill level 9 in Armour
109921 | Zot:5    | Reached skill level 11 in Shields
110045 | Zot:5    | Reached skill level 10 in Armour
110581 | Tomb:1   | Entered Level 1 of the Tomb of the Ancients
110589 | Tomb:1   | Reached skill level 21 in Dodging
110618 | Tomb:1   | Noticed a greater mummy
110619 | Tomb:1   | Noticed a greater mummy
110621 | Tomb:1   | Killed a greater mummy
110623 | Tomb:1   | Noticed a greater mummy
110626 | Tomb:1   | Noticed a greater mummy
110626 | Tomb:1   | Killed a greater mummy
110630 | Tomb:1   | Killed a greater mummy
110630 | Tomb:1   | Noticed a greater mummy
110633 | Tomb:1   | Killed a greater mummy
110790 | Tomb:1   | Killed a greater mummy
110797 | Tomb:1   | Noticed a greater mummy
110799 | Tomb:1   | Killed a greater mummy
110969 | Tomb:1   | Noticed a greater mummy
110972 | Tomb:1   | Killed a greater mummy
110972 | Tomb:1   | Reached skill level 19 in Fighting
110972 | Tomb:1   | Reached skill level 11 in Armour
110988 | Tomb:1   | Noticed a greater mummy
110993 | Tomb:1   | Noticed a greater mummy
110995 | Tomb:1   | Killed a greater mummy
110995 | Tomb:1   | Reached skill level 12 in Shields
110997 | Tomb:1   | Killed a greater mummy
111130 | Tomb:1   | Noticed a greater mummy
111130 | Tomb:1   | Noticed a greater mummy
111130 | Tomb:1   | Noticed a greater mummy
111131 | Tomb:1   | Noticed a greater mummy
111133 | Tomb:1   | Noticed a greater mummy
111133 | Tomb:1   | Noticed a greater mummy
111133 | Tomb:1   | Killed a greater mummy
111133 | Tomb:1   | Killed a greater mummy
111134 | Tomb:1   | Noticed a greater mummy
111135 | Tomb:1   | Killed a greater mummy
111136 | Tomb:1   | Killed a greater mummy
111136 | Tomb:1   | Killed a greater mummy
111136 | Tomb:1   | Killed a greater mummy
111230 | Tomb:1   | Reached skill level 12 in Armour
111296 | Tomb:1   | Noticed an ancient lich
111297 | Tomb:1   | Noticed a greater mummy
111300 | Tomb:1   | Killed an ancient lich
111301 | Tomb:1   | Reached skill level 13 in Shields
111305 | Tomb:1   | Killed a greater mummy
111313 | Tomb:1   | Noticed a greater mummy
111321 | Tomb:1   | Noticed a greater mummy
111338 | Tomb:1   | Killed a greater mummy
111404 | Tomb:1   | Noticed a greater mummy
111409 | Tomb:1   | Killed a greater mummy
111454 | Tomb:1   | Noticed a greater mummy
111454 | Tomb:1   | Noticed a greater mummy
111456 | Tomb:1   | Noticed a greater mummy
111458 | Tomb:1   | Killed a greater mummy
111458 | Tomb:1   | Noticed a greater mummy
111459 | Tomb:1   | Killed a greater mummy
111459 | Tomb:1   | Killed a greater mummy
111460 | Tomb:1   | Killed a greater mummy
111461 | Tomb:1   | Noticed a greater mummy
111496 | Tomb:1   | Killed a greater mummy
111496 | Tomb:1   | Reached skill level 13 in Armour
111524 | Tomb:1   | Noticed a greater mummy
111528 | Tomb:1   | Killed a greater mummy
111537 | Tomb:1   | Killed a greater mummy
111537 | Tomb:1   | Reached skill level 20 in Fighting
111962 | Tomb:1   | Killed a greater mummy
112347 | Tomb:2   | Noticed a greater mummy
112348 | Tomb:2   | Noticed a greater mummy
112349 | Tomb:2   | Killed a greater mummy
112350 | Tomb:2   | Killed a greater mummy
112351 | Tomb:2   | Noticed a greater mummy
112352 | Tomb:2   | Noticed a greater mummy
112353 | Tomb:2   | Killed a greater mummy
112353 | Tomb:2   | Killed a greater mummy
112529 | Tomb:2   | Reached skill level 21 in Spellcasting
113214 | Tomb:3   | Entered Level 3 of the Tomb of the Ancients
113220 | Tomb:3   | Reached skill level 24 in Conjurations
113233 | Tomb:3   | Noticed a greater mummy
113237 | Tomb:3   | Noticed a greater mummy
113237 | Tomb:3   | Killed a greater mummy
113239 | Tomb:3   | Noticed an ancient lich
113240 | Tomb:3   | Killed a greater mummy
113240 | Tomb:3   | Killed an ancient lich
113243 | Tomb:3   | Noticed a greater mummy
113251 | Tomb:3   | Killed a greater mummy
113528 | Tomb:3   | Got a slimy turquoise ring
113529 | Tomb:3   | Identified the ring "Kibring" {MR+ MP+9 Str-5 Slay+3} (You found it on level 3 of the Tomb of the Ancients)
113540 | Tomb:3   | Got a translucent sapphire amulet
113541 | Tomb:3   | Identified the amulet of Neruseh {Regen+ SInv Stlth+} (You found it on level 3 of the Tomb of the Ancients)
113586 | Tomb:3   | Got a coiled ivory ring
113587 | Tomb:3   | Identified the ring "Oczeuladd" {MP+9 Dex+4 Slay+3} (You found it on level 3 of the Tomb of the Ancients)
113646 | Tomb:3   | Noticed a greater mummy
113650 | Tomb:3   | Killed a greater mummy
113698 | Tomb:3   | Noticed a greater mummy
114080 | Tomb:3   | Killed a greater mummy
114080 | Tomb:3   | Reached skill level 22 in Spellcasting
114150 | Tomb:3   | Reached skill level 25 in Conjurations
114300 | Tomb:3   | Noticed a greater mummy
114304 | Tomb:3   | Killed a greater mummy
114510 | Tomb:3   | Got a golden rune of Zot
114597 | Tomb:3   | Noticed a greater mummy
114602 | Tomb:3   | Killed a greater mummy
114605 | Tomb:3   | Noticed a greater mummy
114610 | Tomb:3   | Killed a greater mummy
115237 | Geh:1    | Entered Level 1 of Gehenna
116709 | Geh:5    | Reached skill level 26 in Conjurations
116762 | Geh:5    | Reached skill level 23 in Spellcasting
117484 | Geh:7    | Entered Level 7 of Gehenna
117950 | Geh:7    | Noticed Asmodeus
117973 | Geh:7    | Killed Asmodeus
117973 | Geh:7    | Reached skill level 27 in Conjurations
118004 | Geh:7    | Got an obsidian rune of Zot
118089 | Geh:7    | Reached skill level 24 in Spellcasting
118517 | Coc:1    | Entered Level 1 of Cocytus
119567 | Coc:3    | Noticed an ancient lich
119571 | Coc:3    | Killed an ancient lich
119589 | Coc:3    | Reached skill level 25 in Spellcasting
120268 | Coc:7    | Entered Level 7 of Cocytus
120510 | Coc:7    | Reached skill level 26 in Spellcasting
120631 | Coc:7    | Got a twitching brass amulet
120632 | Coc:7    | Identified the amulet of Valur {Gourm rN++ Int+3} (You found it on level 7 of Cocytus)
121015 | Coc:7    | Reached skill level 23 in Evocations
121155 | Coc:7    | Noticed Antaeus
121171 | Coc:7    | Killed Antaeus
121173 | Coc:7    | Got a steaming lapis lazuli ring
121218 | Coc:7    | Got an icy rune of Zot
121376 | Hell     | Identified the ring "Koipepie" {*Tele rF+ rN+ Str+4} (You took it off Antaeus on level 7 of Cocytus)
121397 | Tar:1    | Entered Level 1 of Tartarus
121816 | Tar:2    | Reached skill level 24 in Evocations
122539 | Tar:5    | Reached skill level 25 in Evocations
122958 | Tar:7    | Entered Level 7 of Tartarus
123039 | Tar:7    | Identified the Compendium of Analysis
123328 | Tar:7    | Reached skill level 26 in Evocations
123387 | Tar:7    | Got a warped silver ring
123388 | Tar:7    | Identified the ring "Xuuggib" {rPois MR- Str+7 Slay+4 Stlth+} (You found it on level 7 of Tartarus)
123430 | Tar:7    | Noticed an ancient lich
123441 | Tar:7    | Killed an ancient lich
123543 | Tar:7    | Noticed Ereshkigal
123735 | Tar:7    | Got a bone rune of Zot
123775 | Tar:7    | HP: 65/179 [??? (12)]
123781 | Tar:7    | HP: 56/179 [???[Ereshkigal] (11)]
123790 | Tar:7    | HP: 60/179 [???[Ereshkigal] (12)]
123792 | Tar:7    | Killed from afar by a Tzitzimitl

Vault maps used:
D:1:      dpeg_arrival_connections, serial_corexii_hall, corexii_hall_statues_u,
          corexii_hall_statues_s, corexii_hall_statues_s,
          corexii_hall_statues_i, corexii_hall_statues_s,
          corexii_hall_statues_i, roderic_roman_lattice
D:2:      first_bread
D:3:      ecumenical_altar_1, lexackson_kobold_supper, uniq_grinder
D:4:      grunt_temple_overflow_open, lemuel_coloured_pillars_altar,
          serial_shops, shop, grunt_ministairs_2
D:5:      gammafunk_temple_overflow_pools
D:6:      minmay_temple_entry_poolview, uniq_edmund, uniq_blork_the_orc
D:7:      nicolae_overflow_crystal_walls, uniq_menkaure, uniq_duvessa
D:8:      grunt_livestock
D:9:      david_orc_4, grunt_qazlal_clouds
D:10:     kennysheep_kobold_lugonu_temple, grunt_lair_entry_orc_guard_hut,
          nicolae_trove_entry_crossroad
D:11:     uniq_nergalle
D:12:     basic_altar, uniq_azrael
D:13:     serial_shops, nicolae_shop_crystal, basic_altar
D:14:     david_vaults_2
D:15:     gammafunk_enter_depths_forms, serial_park_square3, uniq_nessos
Lair:1:   portal_ice_cave_rime, st_stairs_11, serial_bayou_pond_e,
          lemuel_fruit_fields
Lair:2:   lab_entry_generic
Lair:3:   zaba_anthell
Lair:4:   minmay_lair_oklob_tunnel, minmay_shoals_entry_hut,
          spider_nest_entry_webs
Lair:5:   dpeg_slime_entry_enclosed_altar, grunt_megastairs_2,
          lemuel_fruit_tree, lemuel_fruit_fields, uniq_rupert, uniq_snorg
Lair:6:   evil_forest
Shoals:1: uniq_josephine
Shoals:2: nicolae_shoals_seven_spires
Shoals:3: uniq_nikola
Shoals:4: shoals_end_simple, shoals_ilsuiw_ice
Spider:1: nicolae_spider_webs_and_nodes, uniq_donald, uniq_frances
Spider:3: uniq_mara
Spider:4: grunt_spider_rune_circles, special_room
Slime:1:  nicolae_slime_barrier
Slime:2:  nicolae_slime_welcoming_committee
Slime:3:  nicolae_slime_round_cave
Orc:1:    basic_altar, okawaru_metal_pillars_3
Orc:2:    st_orc_elflike, serial_shops, nicolae_shop_stone,
          nicolae_shop_crystal, shop_fountains, minmay_orc_temple_a
Elf:1:    hangedman_elf_disciples, uniq_agnes, uniq_louise
Elf:2:    uniq_asterion
Elf:3:    elf_hall_gauntlet_narrow, mu_enter_wizlab_5, uniq_saint_roka
Vaults:1: nicolae_vaults_back_hallway, vaults_mumra_hexcomb,
          nicolae_vaults_ninety_degrees, v_misc_5, vaults_dpeg_encased_lava,
          vaults_room_door_ring, vaults_room_corners
Vaults:2: v_pattern_2, vaults_room_fours, vaults_standard_mumra_x,
          nicolae_vaults_stairing_the_circle, minmay_crypt_entry_simple_statues,
          nicolae_vaults_mini_display_case, ontoclasm_vaults_pinch, v_misc_10,
          special_room_vaults, ontoclasm_vaults_ligature, serial_shops,
          nicolae_shop_behind_doors, uniq_mennas
Vaults:3: nicolae_vaults_alarming, vaults_room_guarded_vault,
          hangedman_vaults_restitches, nicolae_vaults_angled_halls,
          vaults_standard_mumra_lines, vaults_dpeg_cross,
          vaults_room_ringed_pool, ontoclasm_vaults_bender, v_misc_16,
          nicolae_vaults_three_branches, nicolae_vaults_what_the_h, v_rooms_6
Vaults:4: v_misc_4, dpeg_vaults_monster_row, v_misc_23, grunt_vaults_swirl,
          ontoclasm_vaults_ring_square, vaults_mumra_minichess,
          ontoclasm_vaults_hangar, ontoclasm_vaults_hangar,
          ontoclasm_vaults_twist, vaults_mumra_hex, v_misc_10, serial_shops,
          shop, basic_altar
Vaults:5: serial_shops, uniq_jory
Crypt:2:  grunt_megastairs_3
Crypt:3:  quadcrypt_mu
Depths:1: abyss_entry, hellmouth_1, cheibriados_altar_1,
          roderic_lattice_octagonal_star
Depths:2: evilmike_marble_ring, enter_ziggurat_b, serial_shops,
          kennysheep_little_box, grunt_hell_entry_dis_mu,
          minmay_staircase_windowed_small, uniq_bai_suzhen, uniq_enchantress
Depths:3: lemuel_river_lethe, pan_entry, hell_entry, uniq_aizul
Depths:4: evilmike_silver_temple, hell_entry, serial_shops, nicolae_shop_stone,
          abyss_entry_small_statue_room, serial_bayou_pond_d, wad_mini_maze,
          infiniplex_staircase_zigzag_5, uniq_margery
Depths:5: evilmike_zot_entry_round, grunt_decor_mini_mirrors,
          grunt_hell_entry_demonic_statue, uniq_frederick
Geh:1:    hangedman_hellfire_club
Geh:3:    lemuel_hellion_isle
Geh:5:    nicolae_geh_amphitheater
Geh:7:    geh_old
Coc:7:    coc_grunt
Tar:2:    hangedman_tartarus_temple_path
Tar:5:    nicolae_tar_cuneiform_two
Tar:7:    tar_old
Zot:1:    lemuel_draconian_sentries_small
Zot:2:    st_large_dragon_hoard_3
Zot:4:    guppyfry_library_mini
Abyss:1:  minivault_25_ag
Abyss:3:  evilmike_nicolae_abyss_rune_containment_curve
Abyss:4:  evilmike_abyss_exit_13, hangedman_abyss_town,
          evilmike_nicolae_abyss_rune_betentacled_crabyss, evilmike_abyss_exit_1
Abyss:5:  evilmike_abyss_exit_2, hangedman_abyss_or_decor_lesser_grid,
          minivault_20, evilmike_abyss_rune_siren_acolytes
Pan:      grunt_pan_frozen_over, pan_blood_fountain_small, pan_blood_fountain,
          rand_demon_3, nicolae_pan_mnolegish_1, rand_demon_5,
          pan_blood_fountain_small, pan_blood_fountain_2,
          nicolae_pan_sick_transit, nicolae_pan_lom_lobonic_2,
          nicolae_pan_sigil_itan, reaverb_pan_chaos_star,
          evilmike_mini_pan_possible_glass, reaverb_pan_squares, rand_demon_5,
          evilmike_mini_pan_rooms, pan_blood_fountain_small,
          evilmike_mini_pan_corridor, rand_demon_2, nicolae_pan_double_arrow,
          cerebov_st, lom_lobon_spiral_st, pan_blood_fountain,
          gloorx_vloq_grunt, pan_blood_fountain, uniq_lom_lobon,
          nicolae_pan_gloorx_vloqian_1, grunt_pan_spiral,
          pan_blood_fountain_small, uniq_lom_lobon, nicolae_pan_lom_lobonic_2,
          rand_demon_4, pan_blood_fountain_small, rand_demon_9,
          evilmike_mini_pan_pillars_b, evilmike_mini_pan_thingy, uniq_lom_lobon,
          evilmike_mini_pan_corner, pan_blood_fountain_small, uniq_gloorx_vloq,
          nicolae_pan_diamonds, uniq_lom_lobon, nicolae_pan_mnolegish_1,
          mnoleg_st, rand_demon_6, evilmike_holy_pan
Lab:      labyrinth_spiral, lab_fountain, nicolae_lab_arrow, nicolae_lab_x,
          nicolae_lab_big_swirl, labyrinth_skeletal_remains, nicolae_lab_t_cross
IceCv:    ice_cave_caverns_02
WizLab:   wizlab_wucad

Skill      XL: |  1  2  3  4  5  6  7  8  9 10 11 12 13 14 15 16 17 18 19 20 21 22 23 24 25 26 27 |
---------------+----------------------------------------------------------------------------------+-----
Earth Magic    | 4 5 6 7 8 11 15 16 17 19 23 25 | 25.0
Spellcasting   | 11 13 14 26 | 26.1
Conjurations   | 1 5 7 10 14 16 27 | 27.0
Transmutations | 1 5 |  5.0
Shields        | 2 6 13 | 13.8
Dodging        | 7 10 12 14 21 | 21.7
Charms         | 2 10 11 12 | 12.0
Summonings     | 7 |  7.6
Evocations     | 6 9 13 14 17 26 | 26.6
Fighting       | 10 16 20 | 20.0
Fire Magic     | 5 |  5.0
Stealth        | 14 | 14.4
Armour         | 13 | 13.1
Ice Magic      | 17 | 17.2

Action                   |  1- 3 |  4- 6 |  7- 9 | 10-12 | 13-15 | 16-18 | 19-21 | 22-24 | 25-27 || total
-------------------------+-------+-------+-------+-------+-------+-------+-------+-------+-------++-------
Melee: Unarmed           |     9 |       |       |       |       |       |       |       |       ||     9
       Dagger            |    51 |       |       |       |       |       |       |       |       ||    51
       Spear             |     5 |   140 |       |       |       |       |       |       |       ||   145
       Whip              |       |       |    48 |       |       |       |       |       |       ||    48
       Mace              |       |       |    19 |    64 |    50 |       |       |       |       ||   133
       Quarterstaff      |       |       |    15 |       |       |       |       |       |       ||    15
       Bite              |       |       |       |       |     7 |     5 |       |     1 |     7 ||    20
       Staff             |       |       |       |       |    17 |    28 |     7 |     4 |    64 ||   120
       Trident           |       |       |       |       |       |    41 |       |       |       ||    41
Throw: Javelin           |       |     5 |     1 |       |       |       |       |       |       ||     6
       Stone             |       |     1 |       |       |       |       |       |       |       ||     1
 Cast: Sandblast         |    62 |    56 |    64 |    32 |   133 |   117 |       |       |       ||   464
       Stone Arrow       |       |     1 |   106 |   313 |   855 |   400 |   106 |       |       ||  1781
       Lee's Rapid Decon |       |       |    12 |    71 |    87 |    65 |    56 |    28 |    15 ||   334
       Petrify           |       |       |     2 |    24 |    28 |     7 |    19 |     2 |     1 ||    83
       Haste             |       |       |       |       |    18 |    53 |    38 |    17 |    87 ||   213
       Iron Shot         |       |       |       |       |    52 |   413 |   187 |    55 |    51 ||   758
       Spellforged Servi |       |       |       |       |       |    19 |    25 |    12 |    68 ||   124
       Bolt of Magma     |       |       |       |       |       |     9 |    36 |    37 |    85 ||   167
       Lehudib's Crystal |       |       |       |       |       |       |   264 |   211 |  2267 ||  2742
       Shatter           |       |       |       |       |       |       |       |    42 |   739 ||   781
       Repel Missiles    |       |       |       |       |       |       |       |       |     3 ||     3
       Regeneration      |       |       |       |       |       |       |       |       |   109 ||   109
       Glaciate          |       |       |       |       |       |       |       |       |   101 ||   101
       Summon Butterflie |       |       |       |       |       |       |       |       |    16 ||    16
       Deflect Missiles  |       |       |       |       |       |       |       |       |    10 ||    10
       Apportation       |       |       |       |       |       |       |       |       |     1 ||     1
 Abil: Stop Flying       |       |       |       |       |       |     1 |       |       |     1 ||     2
       Evoke Flight      |       |       |       |       |       |     1 |       |       |       ||     1
       Evoke Fog         |       |       |       |       |       |       |       |       |    32 ||    32
       Fly               |       |       |       |       |       |       |       |       |     1 ||     1
Evoke: Wand              |       |       |       |       |     4 |    22 |       |       |    15 ||    41
       Rod               |       |       |       |       |     1 |     5 |       |       |       ||     6
       Staff of energy   |       |       |       |       |    15 |    33 |   489 |   337 |  2435 ||  3309
       Box of beasts     |       |       |       |       |       |     2 |     2 |       |       ||     4
       Lamp of fire      |       |       |       |       |       |     2 |     1 |       |     3 ||     6
       Crystal ball of e |       |       |       |       |       |       |     4 |       |   136 ||   140
       Disc of storms    |       |       |       |       |       |       |     1 |       |     1 ||     2
       Staff of Wucad Mu |       |       |       |       |       |       |       |       |   745 ||   745
       Phantom mirror    |       |       |       |       |       |       |       |       |     6 ||     6
       Fan of gales      |       |       |       |       |       |       |       |       |     1 ||     1
       Sack of spiders   |       |       |       |       |       |       |       |       |     1 ||     1
  Use: Scroll            |     3 |     7 |     3 |    12 |    12 |    18 |    17 |    15 |    86 ||   173
       Potion            |       |     2 |     3 |     3 |     9 |     7 |     7 |     2 |    48 ||    81
 Stab: Distracted        |     1 |       |       |       |       |     1 |       |       |       ||     2
       Sleeping          |       |     5 |       |       |       |       |       |       |       ||     5
       Petrified         |       |       |     1 |       |       |       |       |       |       ||     1
  Eat: Chunk             |     4 |     7 |    15 |    25 |    46 |    32 |    49 |    26 |    93 ||   297
       Meat ration       |       |       |       |     3 |     2 |     2 |     2 |     1 |    22 ||    32
       Royal jelly       |       |       |       |       |     1 |     3 |     4 |     2 |     4 ||    14
       Fruit             |       |       |       |       |     7 |       |     4 |       |     6 ||    17
       Pizza             |       |       |       |       |     1 |    14 |     1 |     2 |    13 ||    31
       Beef jerky        |       |       |       |       |       |     6 |     1 |     3 |     6 ||    16
       Bread ration      |       |       |       |       |       |       |       |       |    20 ||    20
Armor: Robe              |    39 |    32 |    37 |    77 |    84 |       |       |       |       ||   269
       Ring mail         |       |       |       |     1 |       |       |       |       |       ||     1
       Steam dragon armo |       |       |       |       |    71 |   414 |   139 |       |       ||   624
       Mottled dragon ar |       |       |       |       |       |       |    14 |    89 |  1010 ||  1113
       Ice dragon armour |       |       |       |       |       |       |       |       |   126 ||   126
Dodge: Dodged            |    50 |    54 |   116 |   179 |   209 |   667 |   239 |    81 |  1753 ||  3348
       Deflected         |       |       |       |       |       |       |       |       |   127 ||   127
Block: Buckler           |       |       |       |    19 |    99 |   267 |    94 |    40 |   670 ||  1189

Table legend:
 A = Kills in this place as a percentage of kills in entire the game.
 B = Kills by you in this place as a percentage of kills by you in the entire game.
 C = Kills by friends in this place as a percentage of kills by friends in the entire game.
 D = Other kills in this place as a percentage of other kills in the entire game.
 E = Experience gained in this place as a percentage of experience gained in the entire game.
 F = Experience gained in this place divided by the number of levels of this place that you have seen.
                   A       B       C       D       E      F
               +-------+-------+-------+-------+-------+----------------------
         Total | 100.0 | 100.0 | 100.0 | 100.0 | 100.0 | 34135.5
       Dungeon |   9.4 |  10.2 |   0.5 |   0.0 |   1.4 | 3694.3
          Lair |   6.6 |   7.1 |   0.0 |   0.0 |   2.1 | 13404.3
        Shoals |   3.7 |   2.8 |  15.0 |   0.0 |   2.3 | 22598.5
   Spider Nest |   4.2 |   4.5 |   0.8 |   0.0 |   2.5 | 24199.8
    Slime Pits |   2.8 |   2.6 |   5.6 |   0.0 |   2.5 | 19388.4
  Orcish Mines |   2.3 |   2.5 |   0.0 |   0.0 |   0.4 | 8626.5
   Elven Halls |   3.3 |   3.2 |   5.3 |   0.0 |   3.6 | 46338.3
        Vaults |   9.3 |   8.5 |  19.3 |   0.0 |   9.1 | 70335.0
         Crypt |   3.1 |   2.9 |   5.8 |   0.0 |   3.2 | 41475.0
          Tomb |   6.1 |   6.6 |   0.0 |   0.0 |  11.3 | 145707.0
        Depths |   7.8 |   7.5 |  10.9 |  66.7 |   8.6 | 66048.2
          Hell |   1.4 |   1.4 |   0.8 |   0.0 |   1.1 | 42995.0
       Gehenna |   6.7 |   7.2 |   0.0 |   0.0 |   5.4 | 29597.7
       Cocytus |   6.1 |   6.6 |   0.3 |   0.0 |   7.3 | 40133.3
      Tartarus |   5.5 |   5.8 |   1.0 |   0.0 |   6.2 | 34214.3
           Zot |   5.2 |   5.6 |   1.0 |   0.0 |  14.1 | 108690.8
         Abyss |   5.3 |   3.5 |  28.7 |   0.0 |   3.7 | 23899.7
   Pandemonium |  10.8 |  11.2 |   4.8 |  33.3 |  14.9 | 26205.6
     Labyrinth |   0.1 |   0.1 |   0.0 |   0.0 |   0.1 | 2525.0
      Ice Cave |   0.0 |   0.0 |   0.0 |   0.0 |   0.0 | 119.0
        Wizlab |   0.0 |   0.0 |   0.3 |   0.0 |   0.0 | 969.0
               +-------+-------+-------+-------+-------+----------------------

Table legend:
 A = Turns spent in this place as a percentage of turns spent in the entire game.
 B = Non-inter-level travel turns spent in this place as a percentage of non-inter-level travel turns spent in the entire game.
 C = Inter-level travel turns spent in this place as a percentage of turns spent in this place.
 D = Turns resting spent in this place as a percentage of non-inter-level travel turns spent in this place.
 E = Turns spent auto-exploring this place as a percentage of non-inter-level travel turns spent in this place.
 F = Non-inter-level travel turns spent in this place divided by the number of levels of this place that you've seen.
                   A       B       C       D       E      F
               +-------+-------+-------+-------+-------+----------------------
         Total | 100.0 | 100.0 |   0.4 |   3.5 |   2.7 | 590.7
       Dungeon |   9.4 |   9.4 |   0.7 |   5.9 |   7.6 | 418.3
          Lair |   8.0 |   8.0 |   0.7 |   6.9 |   3.8 | 887.2
        Shoals |   5.1 |   5.1 |   0.3 |   8.0 |   2.3 | 846.2
   Spider Nest |   5.8 |   5.8 |   0.4 |   7.4 |   1.9 | 960.2
    Slime Pits |   3.1 |   3.1 |   0.3 |   3.2 |   0.0 | 417.6
  Orcish Mines |   2.5 |   2.5 |   0.8 |   6.7 |   4.0 | 842.0
   Elven Halls |   2.5 |   2.5 |   0.2 |   1.2 |   6.9 | 548.0
        Vaults |   7.7 |   7.7 |   0.7 |   4.4 |   5.8 | 1028.4
         Crypt |   3.2 |   3.2 |   0.3 |   0.9 |   3.2 | 708.0
          Tomb |   4.5 |   4.5 |   0.2 |   3.2 |   0.6 | 993.3
        Depths |   8.5 |   8.5 |   0.6 |   4.2 |   3.3 | 1128.0
          Hell |   1.2 |   1.2 |   0.2 |   5.7 |   1.6 | 801.0
       Gehenna |   4.6 |   4.6 |   0.0 |   0.2 |   0.0 | 441.1
       Cocytus |   5.1 |   5.1 |   0.1 |   0.4 |   0.0 | 486.9
      Tartarus |   5.2 |   5.2 |   0.1 |   0.5 |   0.0 | 500.3
           Zot |   5.9 |   5.9 |   0.5 |   1.9 |   3.7 | 789.0
         Abyss |   3.5 |   3.5 |   0.0 |   0.5 |   0.0 | 394.5
   Pandemonium |  12.8 |  12.9 |   0.0 |   0.6 |   0.5 | 390.9
     Labyrinth |   1.0 |   1.0 |   0.0 |   1.7 |   0.0 | 637.0
      Ice Cave |   0.0 |   0.0 |   0.0 |   0.0 |   0.0 |  14.0
        Wizlab |   0.4 |   0.4 |   0.0 |   0.0 |   1.6 | 256.0
               +-------+-------+-------+-------+-------+----------------------

Vault maps used:
D:1:      dpeg_arrival_connections, serial_corexii_hall, corexii_hall_statues_u,
          corexii_hall_statues_s, corexii_hall_statues_s,
          corexii_hall_statues_i, corexii_hall_statues_s,
          corexii_hall_statues_i, roderic_roman_lattice
D:2:      first_bread
D:3:      ecumenical_altar_1, lexackson_kobold_supper, uniq_grinder
D:4:      grunt_temple_overflow_open, lemuel_coloured_pillars_altar,
          serial_shops, shop, grunt_ministairs_2
D:5:      gammafunk_temple_overflow_pools
D:6:      minmay_temple_entry_poolview, uniq_edmund, uniq_blork_the_orc
D:7:      nicolae_overflow_crystal_walls, uniq_menkaure, uniq_duvessa
D:8:      grunt_livestock
D:9:      david_orc_4, grunt_qazlal_clouds
D:10:     kennysheep_kobold_lugonu_temple, grunt_lair_entry_orc_guard_hut,
          nicolae_trove_entry_crossroad
D:11:     uniq_nergalle
D:12:     basic_altar, uniq_azrael
D:13:     serial_shops, nicolae_shop_crystal, basic_altar
D:14:     david_vaults_2
D:15:     gammafunk_enter_depths_forms, serial_park_square3, uniq_nessos
Lair:1:   portal_ice_cave_rime, st_stairs_11, serial_bayou_pond_e,
          lemuel_fruit_fields
Lair:2:   lab_entry_generic
Lair:3:   zaba_anthell
Lair:4:   minmay_lair_oklob_tunnel, minmay_shoals_entry_hut,
          spider_nest_entry_webs
Lair:5:   dpeg_slime_entry_enclosed_altar, grunt_megastairs_2,
          lemuel_fruit_tree, lemuel_fruit_fields, uniq_rupert, uniq_snorg
Lair:6:   evil_forest
Shoals:1: uniq_josephine
Shoals:2: nicolae_shoals_seven_spires
Shoals:3: uniq_nikola
Shoals:4: shoals_end_simple, shoals_ilsuiw_ice
Spider:1: nicolae_spider_webs_and_nodes, uniq_donald, uniq_frances
Spider:3: uniq_mara
Spider:4: grunt_spider_rune_circles, special_room
Slime:1:  nicolae_slime_barrier
Slime:2:  nicolae_slime_welcoming_committee
Slime:3:  nicolae_slime_round_cave
Orc:1:    basic_altar, okawaru_metal_pillars_3
Orc:2:    st_orc_elflike, serial_shops, nicolae_shop_stone,
          nicolae_shop_crystal, shop_fountains, minmay_orc_temple_a
Elf:1:    hangedman_elf_disciples, uniq_agnes, uniq_louise
Elf:2:    uniq_asterion
Elf:3:    elf_hall_gauntlet_narrow, mu_enter_wizlab_5, uniq_saint_roka
Vaults:1: nicolae_vaults_back_hallway, vaults_mumra_hexcomb,
          nicolae_vaults_ninety_degrees, v_misc_5, vaults_dpeg_encased_lava,
          vaults_room_door_ring, vaults_room_corners
Vaults:2: v_pattern_2, vaults_room_fours, vaults_standard_mumra_x,
          nicolae_vaults_stairing_the_circle, minmay_crypt_entry_simple_statues,
          nicolae_vaults_mini_display_case, ontoclasm_vaults_pinch, v_misc_10,
          special_room_vaults, ontoclasm_vaults_ligature, serial_shops,
          nicolae_shop_behind_doors, uniq_mennas
Vaults:3: nicolae_vaults_alarming, vaults_room_guarded_vault,
          hangedman_vaults_restitches, nicolae_vaults_angled_halls,
          vaults_standard_mumra_lines, vaults_dpeg_cross,
          vaults_room_ringed_pool, ontoclasm_vaults_bender, v_misc_16,
          nicolae_vaults_three_branches, nicolae_vaults_what_the_h, v_rooms_6
Vaults:4: v_misc_4, dpeg_vaults_monster_row, v_misc_23, grunt_vaults_swirl,
          ontoclasm_vaults_ring_square, vaults_mumra_minichess,
          ontoclasm_vaults_hangar, ontoclasm_vaults_hangar,
          ontoclasm_vaults_twist, vaults_mumra_hex, v_misc_10, serial_shops,
          shop, basic_altar
Vaults:5: serial_shops, uniq_jory
Crypt:2:  grunt_megastairs_3
Crypt:3:  quadcrypt_mu
Depths:1: abyss_entry, hellmouth_1, cheibriados_altar_1,
          roderic_lattice_octagonal_star
Depths:2: evilmike_marble_ring, enter_ziggurat_b, serial_shops,
          kennysheep_little_box, grunt_hell_entry_dis_mu,
          minmay_staircase_windowed_small, uniq_bai_suzhen, uniq_enchantress
Depths:3: lemuel_river_lethe, pan_entry, hell_entry, uniq_aizul
Depths:4: evilmike_silver_temple, hell_entry, serial_shops, nicolae_shop_stone,
          abyss_entry_small_statue_room, serial_bayou_pond_d, wad_mini_maze,
          infiniplex_staircase_zigzag_5, uniq_margery
Depths:5: evilmike_zot_entry_round, grunt_decor_mini_mirrors,
          grunt_hell_entry_demonic_statue, uniq_frederick
Geh:1:    hangedman_hellfire_club
Geh:3:    lemuel_hellion_isle
Geh:5:    nicolae_geh_amphitheater
Geh:7:    geh_old
Coc:7:    coc_grunt
Tar:2:    hangedman_tartarus_temple_path
Tar:5:    nicolae_tar_cuneiform_two
Tar:7:    tar_old
Zot:1:    lemuel_draconian_sentries_small
Zot:2:    st_large_dragon_hoard_3
Zot:4:    guppyfry_library_mini
Abyss:1:  minivault_25_ag
Abyss:3:  evilmike_nicolae_abyss_rune_containment_curve
Abyss:4:  evilmike_abyss_exit_13, hangedman_abyss_town,
          evilmike_nicolae_abyss_rune_betentacled_crabyss, evilmike_abyss_exit_1
Abyss:5:  evilmike_abyss_exit_2, hangedman_abyss_or_decor_lesser_grid,
          minivault_20, evilmike_abyss_rune_siren_acolytes
Pan:      grunt_pan_frozen_over, pan_blood_fountain_small, pan_blood_fountain,
          rand_demon_3, nicolae_pan_mnolegish_1, rand_demon_5,
          pan_blood_fountain_small, pan_blood_fountain_2,
          nicolae_pan_sick_transit, nicolae_pan_lom_lobonic_2,
          nicolae_pan_sigil_itan, reaverb_pan_chaos_star,
          evilmike_mini_pan_possible_glass, reaverb_pan_squares, rand_demon_5,
          evilmike_mini_pan_rooms, pan_blood_fountain_small,
          evilmike_mini_pan_corridor, rand_demon_2, nicolae_pan_double_arrow,
          cerebov_st, lom_lobon_spiral_st, pan_blood_fountain,
          gloorx_vloq_grunt, pan_blood_fountain, uniq_lom_lobon,
          nicolae_pan_gloorx_vloqian_1, grunt_pan_spiral,
          pan_blood_fountain_small, uniq_lom_lobon, nicolae_pan_lom_lobonic_2,
          rand_demon_4, pan_blood_fountain_small, rand_demon_9,
          evilmike_mini_pan_pillars_b, evilmike_mini_pan_thingy, uniq_lom_lobon,
          evilmike_mini_pan_corner, pan_blood_fountain_small, uniq_gloorx_vloq,
          nicolae_pan_diamonds, uniq_lom_lobon, nicolae_pan_mnolegish_1,
          mnoleg_st, rand_demon_6, evilmike_holy_pan
Lab:      labyrinth_spiral, lab_fountain, nicolae_lab_arrow, nicolae_lab_x,
          nicolae_lab_big_swirl, labyrinth_skeletal_remains, nicolae_lab_t_cross
IceCv:    ice_cave_caverns_02
WizLab:   wizlab_wucad
